Workbook
Name ChapterCode: #REF!
Name CurrencyCourse: #REF!
Name FinancingLevel: #REF!
Name FunctionalItem: #REF!
Name HeaderOrganization: #REF!
Name Import2: #REF!
Name ImportRow: #REF!
Name ImportRowAct: '[1]Фактические расходы'!#REF!
Name ImportRowActTotal: '[1]Фактические расходы'!#REF!
Name ImportRowCash: '[1]Кассовые расходы'!#REF!
Name ImportRowCashTotal: '[1]Кассовые расходы'!#REF!
Name ImportRowPage1: #REF!
Name ImportRowPage1Total: #REF!
Name ImportRowPage2: [2]КРЕДИТОРСКАЯ!#REF!
Name ImportRowPage2Total: [2]КРЕДИТОРСКАЯ!#REF!
Name ImportRowRest: #REF!
Name ImportRowTotal: #REF!
Name ImportRowTotalAct: '[1]Фактические расходы'!#REF!
Name OnDate: #REF!
Name Organization: #REF!
Name Period: #REF!
Name R_157: #REF!
Name R_159: #REF!
Name R_160: #REF!
Name R_161: #REF!
Name R_162: #REF!
Name R_163: #REF!
Name R_164: #REF!
Name R_165: #REF!
Name R_166: #REF!
Name R_167: #REF!
Name R_168: #REF!
Name R_169: #REF!
Name SettlementCode: #REF!
Name Type: #REF!

Sheet 1-илова
F1: Бюджет жараёнининг очиқлигини таъминлаш мақсадида расмий веб-сайтларда маълумотларни жойлаштириш тартиби тўғрисидаги низомга 1-ИЛОВА
A6: 2026 йил 9 ойликда Ўзбекистон Республикаси Марказий сайлов комиссияси бюджетдан ажратилган маблағларнинг чегараланган миқдорининг ўз тасарруфидаги бюджет ташкилотлари кесимида тақсимоти тўғрисида
A7: МАЪЛУМОТ*
A9: Т/р | B9: Ўз тасарруфидаги бюджет ташкилотларининг номланиши | C9: Ҳисобот даври мобайнида бюджетдан ажратилаётган маблағлар суммаси
C10: жами | D10: шундан:
D11: иш ҳақи ва унга тенглаштирувчи тўловлар миқдори | E11: ягона ижтимоий солиқ | F11: бошқа жорий харажатлар | G11: объектларни лойиҳалаштириш, қуриш, (реконструкция қилиш) ва таъмирлаш ишлари учун капитал қўйилмалар
A12: 1 | B12: Ўзбекистон Республикаси Марказий сайлов комиссияси (Бюджет) | C12: =SUM(D12:G12) -> 2.6062629e+10 | D12: 17254270000 | E12: 4313572000 | F12: ='3-илова'!E8+'3-илова'!E11+'3-илова'!E14+'3-илова'!E17+'3-илова'!E20+'3-илова'!E23+'3-илова'!E26+'3-илова'!E29 -> 4.4947873e+09 | G12: 0
A13: 2 | B13: Ўзбекистон Республикаси Марказий сайлов комиссияси (ВМ захира жам.) | C13: =SUM(D13:G13) -> 512748225 | F13: ='3-илова'!E9+'3-илова'!E12+'3-илова'!E15+'3-илова'!E18+'3-илова'!E21+'3-илова'!E24+'3-илова'!E27+'3-илова'!E30 -> 512748225 | G13: 0
A14: Жами | C14: =SUM(C12:C13) -> 2.6575377e+10 | D14: =SUM(D12:D13) -> 17254270000 | E14: =SUM(E12:E13) -> 4313572000 | F14: =SUM(F12:F13) -> 5.0075355e+09 | G14: =SUM(G12:G13) -> 0
B15: * Ўзбекистон Республикаси Марказий сайлов комиссияси тасарруфида алоҳида юридик шахс мақомига эга бўлган ташкилот мавжуд эмас.

Sheet 2-илова
G1: Бюджет жараёнининг очиқлигини таъминлаш мақсадида расмий веб-сайтларда маълумотларни жойлаштириш тартиби тўғрисидаги низомга 2-ИЛОВА
A3: 2026 йил 9 ойликда Ўзбекистон Республикаси Марказий сайлов комиссиясида капитал қўйилмалар ҳисобидан амалга оширилаётган лойиҳаларнинг ижроси тўғрисидаги МАЪЛУМОТЛАР
A5: Т/р | B5: Буюртмачи | C5: Лойиханинг номланиши | D5: Лойиха қуввати | E5: Лойихани амалга ошириш даври | F5: Пудратчи тўғрисида маълумотлар | H5: Лойихани амалга ошириш қиймати (минг сўм) | I5: шундан ўзлаштарилган маблағлар (минг сўм) | J5: Лойихани молиялаш-тириш манбаси (бюджет/ бюджетдан ташқари маблағлар)
F6: Пудратчи номи | G6: Корхона СТИРи
A7: 1 | B7: капитал қўйилмалар ҳисобидан амалга оширилаётган лойиҳалар мавжуд эмас
A8: 2
A9: 3
A10: 4
A13: *Изоҳ: Молиялаштириш манбаси аниқ кўрсатилади. Молиялаштириш манбалари: Ўзбекистон Республикасининг Давлат бюджети, Давлат мақсадли жамғарма маблағлари, Ўзбекистон Республикаси Давлат бюджети таркибидаги бюджетларнинг қўшимча манбалари, бюджет ташкилотларининг бюджетдан ташқари жамғармалари маблағлари

Sheet 3-илова
E1: Бюджет жараёнининг очиқлигини таъминлаш мақсадида расмий веб-сайтларда маълумотларни жойлаштириш тартиби тўғрисидаги низомга 3-ИЛОВА
A3: 2026 йил 9 ойликда Ўзбекистон Республикаси Марказий сайлов комиссияси томонидан ўтказилган танловлар (тендерлар) ва амалга оширилган давлат харидлари тўғрисидаги МАЪЛУМОТЛАР
A5: Т/р | B5: Ҳисобот даври | C5: Йўналишлари | D5: Товар (иш ва хизмат)лар харид қилиш учун тузилган шартномалар | F5: Молиялаштириш манбаси*
D6: сони | E6: суммаси
A7: 1 | B7: 1-чорак | C7: асосий воситалар харид қилиш | D7: 0 | E7: 0 | F7: 0
B8: 1-чорак | C8: кам баҳоли ва тез эскирувчи буюмлар харид қилиш | D8: =+SUMIFS('5-илова'!O:O,'5-илова'!D:D,F:F,'5-илова'!B:B,B:B) -> 2 | E8: =+SUMIFS('5-илова'!Q:Q,'5-илова'!D:D,F:F,'5-илова'!B:B,B:B) -> 2066000 | F8: Бюджет
B9: 1-чорак | C9: кам баҳоли ва тез эскирувчи буюмлар харид қилиш | D9: =+SUMIFS('5-илова'!O:O,'5-илова'!D:D,F:F,'5-илова'!B:B,B:B) -> 5 | E9: =+SUMIFS('5-илова'!Q:Q,'5-илова'!D:D,F:F,'5-илова'!B:B,B:B) -> 125886185 | F9: ВМ захира жам.
B10: 1-чорак | C10: қурилиш, реконструкция қилиш ва таъмирлаш | D10: =+SUMIFS('5-илова'!P:P,'5-илова'!D:D,F:F,'5-илова'!B:B,#REF!) -> 0 | E10: =+SUMIFS('5-илова'!Q:Q,'5-илова'!D:D,F:F,'5-илова'!B:B,#REF!) -> 0 | F10: 0
B11: 1-чорак | C11: сақлаш харажатлари билан боғлиқ харидлар | D11: =+SUMIFS('5-илова'!R:R,'5-илова'!D:D,F:F,'5-илова'!B:B,B:B) -> 17 | E11: =+SUMIFS('5-илова'!T:T,'5-илова'!D:D,F:F,'5-илова'!B:B,B:B) -> 1.6999962e+09 | F11: Бюджет
B12: 1-чорак | C12: сақлаш харажатлари билан боғлиқ харидлар | D12: =+SUMIFS('5-илова'!R:R,'5-илова'!D:D,F:F,'5-илова'!B:B,B:B) -> 0 | E12: =+SUMIFS('5-илова'!T:T,'5-илова'!D:D,F:F,'5-илова'!B:B,B:B) -> 0 | F12: ВМ захира жам.
A13: =+A7+1 -> 2 | B13: 2-чорак | C13: асосий воситалар харид қилиш | D13: 0 | E13: 0 | F13: Бюджет
B14: 2-чорак | C14: кам баҳоли ва тез эскирувчи буюмлар харид қилиш | D14: =+SUMIFS('5-илова'!O:O,'5-илова'!D:D,F:F,'5-илова'!B:B,B:B) -> 13 | E14: =+SUMIFS('5-илова'!Q:Q,'5-илова'!D:D,F:F,'5-илова'!B:B,B:B) -> 10122490 | F14: Бюджет
B15: 2-чорак | C15: кам баҳоли ва тез эскирувчи буюмлар харид қилиш | D15: =+SUMIFS('5-илова'!O:O,'5-илова'!D:D,F:F,'5-илова'!B:B,B:B) -> 10 | E15: =+SUMIFS('5-илова'!Q:Q,'5-илова'!D:D,F:F,'5-илова'!B:B,B:B) -> 363105880 | F15: ВМ захира жам.
B16: 2-чорак | C16: қурилиш, реконструкция қилиш ва таъмирлаш | D16: =+SUMIFS('5-илова'!P:P,'5-илова'!D:D,F:F,'5-илова'!B:B,#REF!) -> 0 | E16: =+SUMIFS('5-илова'!Q:Q,'5-илова'!D:D,F:F,'5-илова'!B:B,#REF!) -> 0 | F16: 0
B17: 2-чорак | C17: сақлаш харажатлари билан боғлиқ харидлар | D17: =+SUMIFS('5-илова'!R:R,'5-илова'!D:D,F:F,'5-илова'!B:B,B:B) -> 4 | E17: =+SUMIFS('5-илова'!T:T,'5-илова'!D:D,F:F,'5-илова'!B:B,B:B) -> 2721810155 | F17: Бюджет
B18: 2-чорак | C18: сақлаш харажатлари билан боғлиқ харидлар | D18: =+SUMIFS('5-илова'!R:R,'5-илова'!D:D,F:F,'5-илова'!B:B,B:B) -> 0 | E18: =+SUMIFS('5-илова'!T:T,'5-илова'!D:D,F:F,'5-илова'!B:B,B:B) -> 0 | F18: ВМ захира жам.
A19: 3 | B19: 3-чорак | C19: асосий воситалар харид қилиш | D19: 0 | E19: 0 | F19: 0
B20: 3-чорак | C20: кам баҳоли ва тез эскирувчи буюмлар харид қилиш | D20: =+SUMIFS('5-илова'!O:O,'5-илова'!D:D,F:F,'5-илова'!B:B,B:B) -> 13 | E20: =+SUMIFS('5-илова'!Q:Q,'5-илова'!D:D,F:F,'5-илова'!B:B,B:B) -> 18746760 | F20: Бюджет
B21: 3-чорак | C21: кам баҳоли ва тез эскирувчи буюмлар харид қилиш | D21: =+SUMIFS('5-илова'!O:O,'5-илова'!D:D,F:F,'5-илова'!B:B,B:B) -> 3 | E21: =+SUMIFS('5-илова'!Q:Q,'5-илова'!D:D,F:F,'5-илова'!B:B,B:B) -> 23756160 | F21: ВМ захира жам.
B22: 3-чорак | C22: қурилиш, реконструкция қилиш ва таъмирлаш | D22: =+SUMIFS('5-илова'!P:P,'5-илова'!D:D,F:F,'5-илова'!B:B,#REF!) -> 0 | E22: =+SUMIFS('5-илова'!Q:Q,'5-илова'!D:D,F:F,'5-илова'!B:B,#REF!) -> 0 | F22: 0
B23: 3-чорак | C23: сақлаш харажатлари билан боғлиқ харидлар | D23: =+SUMIFS('5-илова'!R:R,'5-илова'!D:D,F:F,'5-илова'!B:B,B:B) -> 5 | E23: =+SUMIFS('5-илова'!T:T,'5-илова'!D:D,F:F,'5-илова'!B:B,B:B) -> 42045610 | F23: Бюджет
B24: 3-чорак | C24: сақлаш харажатлари билан боғлиқ харидлар | D24: =+SUMIFS('5-илова'!R:R,'5-илова'!D:D,F:F,'5-илова'!B:B,B:B) -> 0 | E24: =+SUMIFS('5-илова'!T:T,'5-илова'!D:D,F:F,'5-илова'!B:B,B:B) -> 0 | F24: ВМ захира жам.
A25: 4 | B25: 4-чорак | C25: асосий воситалар харид қилиш | D25: 0 | E25: 0 | F25: 0
B26: 4-чорак | C26: кам баҳоли ва тез эскирувчи буюмлар харид қилиш | D26: =+SUMIFS('5-илова'!O:O,'5-илова'!D:D,F:F,'5-илова'!B:B,B:B) -> 0 | E26: =+SUMIFS('5-илова'!Q:Q,'5-илова'!D:D,F:F,'5-илова'!B:B,B:B) -> 0 | F26: Бюджет
B27: 4-чорак | C27: кам баҳоли ва тез эскирувчи буюмлар харид қилиш | D27: =+SUMIFS('5-илова'!O:O,'5-илова'!D:D,F:F,'5-илова'!B:B,B:B) -> 0 | E27: =+SUMIFS('5-илова'!Q:Q,'5-илова'!D:D,F:F,'5-илова'!B:B,B:B) -> 0 | F27: ВМ захира жам.
B28: 4-чорак | C28: қурилиш, реконструкция қилиш ва таъмирлаш | D28: =+SUMIFS('5-илова'!P:P,'5-илова'!D:D,F:F,'5-илова'!B:B,#REF!) -> 0 | E28: =+SUMIFS('5-илова'!Q:Q,'5-илова'!D:D,F:F,'5-илова'!B:B,#REF!) -> 0 | F28: 0
B29: 4-чорак | C29: сақлаш харажатлари билан боғлиқ харидлар | D29: =+SUMIFS('5-илова'!R:R,'5-илова'!D:D,F:F,'5-илова'!B:B,B:B) -> 0 | E29: =+SUMIFS('5-илова'!T:T,'5-илова'!D:D,F:F,'5-илова'!B:B,B:B) -> 0 | F29: Бюджет
B30: 4-чорак | C30: сақлаш харажатлари билан боғлиқ харидлар | D30: =+SUMIFS('5-илова'!R:R,'5-илова'!D:D,F:F,'5-илова'!B:B,B:B) -> 0 | E30: =+SUMIFS('5-илова'!T:T,'5-илова'!D:D,F:F,'5-илова'!B:B,B:B) -> 0 | F30: ВМ захира жам.
A32: *Изоҳ: Молиялаштириш манбаси аниқ кўрсатилади. Молиялаштириш манбалари: Ўзбекистон Республикасининг Давлат бюджети, Давлат мақсадли жамғарма маблағлари, Ўзбекистон Республикаси Давлат бюджети таркибидаги бюджетларнинг қўшимча манбалари, бюджет ташкилотларининг бюджетдан ташқари жамғармалари маблағлари

Sheet 4-илова 
I1: Бюджет жараёнининг очиқлигини таъминлаш мақсадида расмий веб-сайтларда маълумотларни жойлаштириш тартиби тўғрисидаги низомга 4-ИЛОВА
A2: 2026 йилда Ўзбекистон Республикаси Марказий сайлов комиссияси томонидан асосий воситалар харид қилиш учун ўтказилган танловлар (тендерлар) ва амалга оширилган давлат харидлари тўғрисидаги МАЪЛУМОТЛАР
A4: Т/р | B4: Ҳисобот даври | C4: Харид қилинган товарлар ва хизматлар номи | D4: Молиялаштириш манбаси* | E4: Ҳарид жараёнини амалга ошириш тури | F4: Лот/шартнома рақами | G4: Пудратчи тўғрисида маълумотлар | I4: Харид қилинаётган товарлар (хизматлар) ўлчов бирлиги (имконият даражасида) | J4: Харид қилинаётган товарлар (хизматлар) миқдори (ҳажми) | K4: Битим (шартнома) бўйича товарлар (хизматлар) бир бирлиги нархи (тарифи) | L4: Харид қилинган товарлар (хизматлар) жами миқдори (ҳажми) қиймати (минг сўм)
G5: Пудратчи номи | H5: Корхона СТИРи
A6: 1 | B6: 0 | C6: 0 | D6: 0 | E6: 0 | F6: 0 | G6: 0 | H6: 0 | I6: 0 | J6: 0 | K6: 0 | L6: 0
A7: =+A6+1 -> 2 | B7: 0 | C7: 0 | D7: 0 | E7: 0 | F7: 0 | G7: 0 | H7: 0 | I7: 0 | J7: 0 | K7: 0 | L7: 0
A8: =+A7+1 -> 3 | B8: 0 | C8: 0 | D8: 0 | E8: 0 | F8: 0 | G8: 0 | H8: 0 | I8: 0 | J8: 0 | K8: 0 | L8: 0
A9: =+A8+1 -> 4 | B9: 0 | C9: 0 | D9: 0 | E9: 0 | F9: 0 | G9: 0 | H9: 0 | I9: 0 | J9: 0 | K9: 0 | L9: 0
A10: =+A9+1 -> 5 | B10: 0 | C10: 0 | D10: 0 | E10: 0 | F10: 0 | G10: 0 | H10: 0 | I10: 0 | J10: 0 | K10: 0 | L10: 0
A11: =+A10+1 -> 6 | B11: 0 | C11: 0 | D11: 0 | E11: 0 | F11: 0 | G11: 0 | H11: 0 | I11: 0 | J11: 0 | K11: 0 | L11: 0
A13: *Изоҳ: Молиялаштириш манбаси аниқ кўрсатилади. Молиялаштириш манбалари: Ўзбекистон Республикасининг Давлат бюджети, Давлат мақсадли жамғарма маблағлари, Ўзбекистон Республикаси Давлат бюджети таркибидаги бюджетларнинг қўшимча манбалари, бюджет ташкилотларининг бюджетдан ташқари жамғармалари маблағлари
L52: =+M52/K52 -> #DIV/0!
C53: Полотенце бумажное | J53: упак | K53: 100 | L53: =+M53/K53 -> 10444 | M53: 1044400
C54: Услуга по текущему ремонту транспортных средств | E54: Тўғридан тўғри (ЗРУ-684, абз. 3, ПП- 3953. пункт 25) | J54: усл. Ед | K54: 1 | L54: =+M54/K54 -> 2195500 | M54: 2195500
C55: Гипохлориты | J55: кг | K55: 10 | L55: =+M55/K55 -> 75000 | M55: 750000
C56: Аренда транспортных средств | J56: усл. Ед | K56: 9 | L56: =+M56/K56 -> 1.9835039e+08 | M56: 1785153540
C57: Услуга по передаче электроэнергии | E57: Тўғридан тўғри (ЗРУ-684 ,Cn-71, абз -7) | J57: кВт.ч | K57: 18670 | L57: =+M57/K57 -> 1000 | M57: 18670000
C58: Услуга по передаче электроэнергии | E58: Тўғридан тўғри (ЗРУ-684 ,Cn-71, абз -7) | J58: кВт.ч | K58: =+M58/L58 -> 149170 | L58: 1000 | M58: 149170000
C59: Вода питьевая упакованная | J59: дона | K59: 100 | L59: =+M59/K59 -> 17000 | M59: 1700000
C60: Многофункциональное устройство (МФУ) | J60: дона | K60: 5 | L60: =+M60/K60 -> 12000000 | M60: 60000000
C61: Терминал IP телефонии | J61: дона | K61: 3 | L61: =+M61/K61 -> 2112000 | M61: 6336000
C62: Терминал IP телефонии | J62: дона | K62: 2 | L62: =+M62/K62 -> 1655000 | M62: 3310000
C63: Терминал IP телефонии | J63: дона | K63: 2 | L63: =+M63/K63 -> 1481200 | M63: 2962400
C64: Телевизор | J64: дона | K64: 4 | L64: =+M64/K64 -> 3545855 | M64: 14183420
C65: Сейф металлический | J65: дона | K65: 10 | L65: =+M65/K65 -> 1484000 | M65: 14840000
C66: Холодильник бытовой | J66: дона | K66: 4 | L66: =+M66/K66 -> 2020000 | M66: 8080000
C67: Многофункциональное устройство (МФУ) | J67: дона | K67: 14 | L67: =+M67/K67 -> 4390000 | M67: 61460000
C68: Вентилятор центробежный | J68: дона | K68: 1 | L68: =+M68/K68 -> 1430000 | M68: 1430000
M69: =SUM(M8:M68) -> 2131285260

Sheet 5-илова
J1: Бюджет жараёнининг очиқлигини таъминлаш мақсадида расмий веб-сайтларда маълумотларни жойладонаириш тартиби тўғрисидаги низомга 5-ИЛОВА | P1: =3.7*3 -> 11.1
A3: 2026 йил 9 ойликда Ўзбекистон Республикаси Марказий сайлов комиссияси томонидан кам баҳоли ва тез эскирувчи буюмлар харид қилиш учун ўтказилган танловлар (тендерлар) ва амалга оширилган давлат харидлари тўғрисидаги МАЪЛУМОТЛАР
A5: Т/р | B5: Ҳисобот даври | C5: Харид қилинган товарлар ва хизматлар номи | D5: Молиялаш-тириш манбаси* | E5: Ҳарид жараёнини амалга ошириш тури | F5: Лот/шартнома рақами | H5: Пудратчи тўғрисида маълумотлар | J5: Харид қилинаётган товарлар (хизматлар) ўлчов бирлиги (имконият даражасида) | K5: Харид қилинаётган товарлар (хизматлар) миқдори (ҳажми) | L5: Битим (шартнома) бўйича товарлар (хизматлар) бир бирлиги нархи (тарифи) | M5: Харид қилинган товарлар (хизматлар) жами миқдори (ҳажми) қиймати (минг сўм)
H6: Пудратчи номи | I6: Корхона СТИРи | O6: кам баҳоли | P6: сони | Q6: сумма | R6: сақлаш хараж | S6: сони | T6: сумма
A7: 1 | B7: 2 | C7: 3 | D7: 4 | E7: 5 | G7: 6 | H7: 7 | I7: 8 | J7: 9 | K7: 10 | L7: 11 | M7: 12
A8: =+ROW(A8)-7 -> 1 | B8: 1-чорак | C8: Салфетки бумажные | D8: Бюджет | E8: Электрон дўкон | F8: 261110084739080 | G8: 4059993 | H8: INTERNATIONAL PAPERХК | I8: 205247459 | J8: упак | K8: 100 | L8: 10360 | M8: =+L8*K8 -> 1036000 | O8: 1 | P8: =+IF(O8>0,K8,0) -> 100 | Q8: =+IF(O8>0,M8,0) -> 1036000 | R8: =+IF(O8>0,0,1) -> 0 | S8: =+IF(R8>0,K8,0) -> 0 | T8: =+IF(R8>0,M8,0) -> 0
A9: =+ROW(A9)-7 -> 2 | B9: 1-чорак | C9: Услуга по широкополосному доступу к информационно-коммуникационной сети Интернет по проводным сетям | D9: Бюджет | E9: Тўғридан тўғри (ЗРУ-684, Ст 71, пункт 21, част 1) | F9: 261191100257424 | G9: CPIO-4464 | H9: O`ZBEKTELEKOM АЖ | I9: 203366731 | J9: усл. Ед | K9: 12 | L9: 3859000 | M9: =+L9*K9 -> 46308000 | P9: =+IF(O9>0,K9,0) -> 0 | Q9: =+IF(O9>0,M9,0) -> 0 | R9: =+IF(O9>0,0,1) -> 1 | S9: =+IF(R9>0,K9,0) -> 12 | T9: =+IF(R9>0,M9,0) -> 46308000
A10: =+ROW(A10)-7 -> 3 | B10: 1-чорак | C10: Услуга по круглосуточной поддержке телефонной линии | D10: Бюджет | E10: Тўғридан тўғри (ЗРУ-684, Ст 71, пункт 21, част 1) | F10: 261191100253142 | G10: CPIO-4701 | H10: O`ZBEKTELEKOM АЖ | I10: 203366731 | J10: усл. Ед | K10: 13 | L10: 814000 | M10: =+L10*K10 -> 10582000 | P10: =+IF(O10>0,K10,0) -> 0 | Q10: =+IF(O10>0,M10,0) -> 0 | R10: =+IF(O10>0,0,1) -> 1 | S10: =+IF(R10>0,K10,0) -> 13 | T10: =+IF(R10>0,M10,0) -> 10582000
A11: =+ROW(A11)-7 -> 4 | B11: 1-чорак | C11: Услуга кабельного телевидения | D11: Бюджет | E11: Тўғридан тўғри (ЗРУ-684, Ст 71, пункт 21, част 1) | F11: 261191100252034 | G11: G/46434 | H11: ООО ALPHAZET TECHNOLOGIES | I11: 307919012 | J11: усл. Ед | K11: 12 | L11: 470400 | M11: =+L11*K11 -> 5644800 | P11: =+IF(O11>0,K11,0) -> 0 | Q11: =+IF(O11>0,M11,0) -> 0 | R11: =+IF(O11>0,0,1) -> 1 | S11: =+IF(R11>0,K11,0) -> 12 | T11: =+IF(R11>0,M11,0) -> 5644800
A12: =+ROW(A12)-7 -> 5 | B12: 1-чорак | C12: Защищенная электронная почта Е-ХАТ | D12: Бюджет | E12: Ягона етказиб берувчи | F12: 261190860285408 | G12: E-26-8289 | H12: ГУП UNICON.UZ | I12: 200898586 | J12: усл. Ед | K12: 1 | L12: 795400 | M12: =+L12*K12 -> 795400 | P12: =+IF(O12>0,K12,0) -> 0 | Q12: =+IF(O12>0,M12,0) -> 0 | R12: =+IF(O12>0,0,1) -> 1 | S12: =+IF(R12>0,K12,0) -> 1 | T12: =+IF(R12>0,M12,0) -> 795400
A13: =+ROW(A13)-7 -> 6 | B13: 1-чорак | C13: Услуга по технической поддержке информационных технологий | D13: Бюджет | E13: Ягона етказиб берувчи | F13: 261190860289973 | G13: 111-П | H13: DAVLAT AXBOROT TIZIMLARINI YARATISH VA QOLLAB QUVATLASH BOYICHA YAGONA INTEGR- | I13: 204118319 | J13: усл. Ед | K13: 12 | L13: 290000 | M13: =+L13*K13 -> 3480000 | P13: =+IF(O13>0,K13,0) -> 0 | Q13: =+IF(O13>0,M13,0) -> 0 | R13: =+IF(O13>0,0,1) -> 1 | S13: =+IF(R13>0,K13,0) -> 12 | T13: =+IF(R13>0,M13,0) -> 3480000
A14: =+ROW(A14)-7 -> 7 | B14: 1-чорак | C14: Услуга по техническому обслуживанию легковых автомобилей и легких грузовых автотранспортных средств, кроме услуг по ремонту электрооборудования, шин и кузовов | D14: Бюджет | E14: Таклиф сўрови 26.12.2025 г. УП-259 пункт 6 ПР №1 пункт 9 | F14: 261191400012998 | G14: 9 | H14: SPECIAL WARRANTY SERVICE MAS`ULIYATI CHEKLANGAN JAMIYAT | I14: 311200955 | J14: усл. Ед | K14: 1 | L14: 325000 | M14: =+L14*K14 -> 325000 | P14: =+IF(O14>0,K14,0) -> 0 | Q14: =+IF(O14>0,M14,0) -> 0 | R14: 1 | S14: =+IF(R14>0,K14,0) -> 1 | T14: =+IF(R14>0,M14,0) -> 325000
A15: =+ROW(A15)-7 -> 8 | B15: 1-чорак | C15: Услуга по проектированию и разработке информационных технологий для сетей и систем | D15: Бюджет | E15: Ягона етказиб берувчи | F15: 261190860290052 | G15: 11/19-V | H15: DAVLAT AXBOROT TIZIMLARINI YARATISH VA QOLLAB QUVATLASH BOYICHA YAGONA INTEGR- | I15: 204118319 | J15: усл. Ед | K15: 12 | L15: 3657000 | M15: =+L15*K15 -> 43884000 | P15: =+IF(O15>0,K15,0) -> 0 | Q15: =+IF(O15>0,M15,0) -> 0 | R15: =+IF(O15>0,0,1) -> 1 | S15: =+IF(R15>0,K15,0) -> 12 | T15: =+IF(R15>0,M15,0) -> 43884000
A16: =+ROW(A16)-7 -> 9 | B16: 1-чорак | C16: Услуга по вывозу мусора | D16: Бюджет | E16: Тўғридан тўғри (ЗРУ-684, Ст 71, пункт 6, част 1) | F16: 261190910299039 | G16: 032354 | H16: MAXSUSTRANS ISHLAB CHIQARISH BOSHQARMASI DUK | I16: 200903001 | J16: м3 | K16: 59 | L16: 100774.88 | M16: =+L16*K16 -> 5945717.9 | P16: =+IF(O16>0,K16,0) -> 0 | Q16: =+IF(O16>0,M16,0) -> 0 | R16: =+IF(O16>0,0,1) -> 1 | S16: =+IF(R16>0,K16,0) -> 59 | T16: =+IF(R16>0,M16,0) -> 5945717.9
A17: =+ROW(A17)-7 -> 10 | B17: 1-чорак | C17: Услуга государственной фельдъегерской связи | D17: Бюджет | E17: Тўғридан тўғри (ЗРУ-684, Ст 71, пункт 21, част 1) | F17: 261191100285808 | G17: 34 | H17: ГФС ГКСИ и ТТРУз | I17: 200898364 | J17: усл. Ед | K17: 12 | L17: 1200000 | M17: =+L17*K17 -> 14400000 | P17: =+IF(O17>0,K17,0) -> 0 | Q17: =+IF(O17>0,M17,0) -> 0 | R17: =+IF(O17>0,0,1) -> 1 | S17: =+IF(R17>0,K17,0) -> 12 | T17: =+IF(R17>0,M17,0) -> 14400000
A18: =+ROW(A18)-7 -> 11 | B18: 1-чорак | C18: Ежемесячная абонентская плата за использование Единой межведомственной электронной системы исполнительской дисциплины ?Ijro.gov.uz? | D18: Бюджет | E18: Ягона етказиб берувчи | F18: 261190860287085 | G18: 7814-2026/IJRO | H18: UNICON-SOFT МЧЖ | I18: 305109680 | J18: усл. Ед | K18: 12 | L18: 3576000 | M18: =+L18*K18 -> 42912000 | P18: =+IF(O18>0,K18,0) -> 0 | Q18: =+IF(O18>0,M18,0) -> 0 | R18: =+IF(O18>0,0,1) -> 1 | S18: =+IF(R18>0,K18,0) -> 12 | T18: =+IF(R18>0,M18,0) -> 42912000
A19: =+ROW(A19)-7 -> 12 | B19: 1-чорак | C19: Услуга по холодному водоснабжению и услуга канализации | D19: Бюджет | E19: Ягона етказиб берувчи | F19: 261190860298041 | G19: 305481 | H19: ГУП Сувсоз | I19: 201052713 | J19: м3 | K19: 15232 | L19: 1941.96 | M19: =+K19*L19 -> 29579935 | P19: =+IF(O19>0,K19,0) -> 0 | Q19: =+IF(O19>0,M19,0) -> 0 | R19: 1 | S19: =+IF(R19>0,K19,0) -> 15232 | T19: =+IF(R19>0,M19,0) -> 29579935
A20: =+ROW(A20)-7 -> 13 | B20: 1-чорак | C20: Услуга оказание охранных услуг на договорной основе юридическим лицам | D20: Бюджет | E20: Ягона етказиб берувчи | F20: 261190860299771 | G20: 16358-М | H20: Тошкент шахар ИИББ хузуридаги Куриклаш бошкармаси | I20: 202628856 | J20: усл. Ед | K20: 12 | L20: 78721740 | M20: =+K20*L20 -> 944660880 | P20: =+IF(O20>0,K20,0) -> 0 | Q20: =+IF(O20>0,M20,0) -> 0 | R20: =+IF(O20>0,0,1) -> 1 | S20: =+IF(R20>0,K20,0) -> 12 | T20: =+IF(R20>0,M20,0) -> 944660880
A21: =+ROW(A21)-7 -> 14 | B21: 1-чорак | C21: Бензин автомобильный | D21: Бюджет | E21: Запрос предложений 26.12.2025 г. УП-259 пункт 6 ПР №1 пункт 7 | F21: 261191380016629 | G21: 367-26 | H21: UNG PETRO МЧЖ | I21: 300970850 | J21: Л | K21: 5163.348 | L21: 11500 | M21: =+K21*L21 -> 59378502 | P21: =+IF(O21>0,K21,0) -> 0 | Q21: =+IF(O21>0,M21,0) -> 0 | R21: =+IF(O21>0,0,1) -> 1 | S21: =+IF(R21>0,K21,0) -> 5163.348 | T21: =+IF(R21>0,M21,0) -> 59378502
A22: =+ROW(A22)-7 -> 15 | B22: 1-чорак | C22: Энергия тепловая, отпущенная котельными | D22: Бюджет | E22: Ягона етказиб берувчи | F22: 261190860302786 | G22: 950 | H22: Veolia Energy Tashkent МЧЖ | I22: 306866603 | J22: Гкалл | K22: 283.994 | L22: 1067132.6 | M22: =+K22*L22 -> 3.0305927e+08 | P22: =+IF(O22>0,K22,0) -> 0 | Q22: =+IF(O22>0,M22,0) -> 0 | R22: 1 | S22: =+IF(R22>0,K22,0) -> 283.994 | T22: =+IF(R22>0,M22,0) -> 3.0305927e+08
A23: =+ROW(A23)-7 -> 16 | B23: 1-чорак | C23: Услуга по круглосуточной поддержке телефонной линии | D23: Бюджет | E23: Тўғридан тўғри (ЗРУ-684, Ст 71, пункт 21, част 1) | F23: 261191100319798 | G23: 144/B-19 | H23: Республика махсус алока богламаси ДУК | I23: 201440547 | J23: усл. Ед | K23: 12 | L23: 1080980 | M23: =+K23*L23 -> 12971760 | P23: =+IF(O23>0,K23,0) -> 0 | Q23: =+IF(O23>0,M23,0) -> 0 | R23: =+IF(O23>0,0,1) -> 1 | S23: =+IF(R23>0,K23,0) -> 12 | T23: =+IF(R23>0,M23,0) -> 12971760
A24: =+ROW(A24)-7 -> 17 | B24: 1-чорак | C24: Услуга по передаче электроэнергии | D24: Бюджет | E24: Ягона етказиб берувчи | F24: 261190860297639 | G24: 0503 | H24: АО HUDUDIY ELEKTR TARMOQLARI | I24: 306350099 | J24: Квт/ч | K24: 168000 | L24: 1000 | M24: =+K24*L24 -> 168000000 | P24: =+IF(O24>0,K24,0) -> 0 | Q24: =+IF(O24>0,M24,0) -> 0 | R24: =+IF(O24>0,0,1) -> 1 | S24: =+IF(R24>0,K24,0) -> 168000 | T24: =+IF(R24>0,M24,0) -> 168000000
A25: =+ROW(A25)-7 -> 18 | B25: 1-чорак | C25: Услугa по обслуживанию теплового счетчика | D25: Бюджет | E25: Электрон дўкон | F25: 261111144906501 | G25: 4212456 | H25: OOO Smart Asbob Servis | I25: 306031559 | J25: усл. Ед | K25: 1 | L25: 8068983 | M25: =+K25*L25 -> 8068983 | P25: =+IF(O25>0,K25,0) -> 0 | Q25: =+IF(O25>0,M25,0) -> 0 | R25: =+IF(O25>0,0,1) -> 1 | S25: =+IF(R25>0,K25,0) -> 1 | T25: =+IF(R25>0,M25,0) -> 8068983
A26: =+ROW(A26)-7 -> 19 | B26: 1-чорак | C26: Салфетки бумажные | D26: Бюджет | E26: Электрон дўкон | F26: 261110084945836 | G26: 4248910 | H26: ORZU TOVAR MCHJ | I26: 312261627 | J26: дона | K26: 100 | L26: 10300 | M26: =+K26*L26 -> 1030000 | O26: 1 | P26: =+IF(O26>0,K26,0) -> 100 | Q26: =+IF(O26>0,M26,0) -> 1030000 | R26: =+IF(O26>0,0,1) -> 0 | S26: =+IF(R26>0,K26,0) -> 0 | T26: =+IF(R26>0,M26,0) -> 0
A27: =+ROW(A27)-7 -> 20 | B27: 1-чорак | C27: Авиабилет | D27: ВМ захира жам. | E27: Тўғридан тўғри (ЗРУ-684, Ст-71, пункт-17, част-1,) | F27: 261191030381616 | G27: 97/AK | H27: КО ОАО Узбекистон | I27: 200543309 | J27: дона | K27: 9 | L27: 2839171 | M27: =+K27*L27 -> 25552539 | O27: 1 | P27: =+IF(O27>0,K27,0) -> 9 | Q27: =+IF(O27>0,M27,0) -> 25552539 | R27: 0 | S27: =+IF(R27>0,K27,0) -> 0 | T27: =+IF(R27>0,M27,0) -> 0
A28: =+ROW(A28)-7 -> 21 | B28: 1-чорак | C28: Авиабилет | D28: ВМ захира жам. | E28: Тўғридан тўғри (ЗРУ-684, Ст-71, пункт-17, част-1,) | F28: 261191030381870 | G28: 7/AK | H28: КО ОАО Узбекистон | I28: 200543309 | J28: дона | K28: 2 | L28: 22245784 | M28: =+K28*L28 -> 44491568 | O28: 1 | P28: =+IF(O28>0,K28,0) -> 2 | Q28: =+IF(O28>0,M28,0) -> 44491568 | R28: 0 | S28: =+IF(R28>0,K28,0) -> 0 | T28: =+IF(R28>0,M28,0) -> 0
A29: =+ROW(A29)-7 -> 22 | B29: 1-чорак | C29: Авиабилет | D29: ВМ захира жам. | E29: Тўғридан тўғри (ЗРУ-684, Ст-71, пункт-17, част-1,) | F29: 261191030381839 | G29: 2/AK | H29: КО ОАО Узбекистон | I29: 200543309 | J29: дона | K29: 2 | L29: 17566489 | M29: =+K29*L29 -> 35132978 | O29: 1 | P29: =+IF(O29>0,K29,0) -> 2 | Q29: =+IF(O29>0,M29,0) -> 35132978 | R29: 0 | S29: =+IF(R29>0,K29,0) -> 0 | T29: =+IF(R29>0,M29,0) -> 0
A30: =+ROW(A30)-7 -> 23 | B30: 1-чорак | C30: Сувениры | D30: ВМ захира жам. | E30: Тўғридан тўғри (ЗРУ-684, Ст-71, пункт-17, част-1,) | F30: 261191030381692 | G30: 10 | H30: YaTT Atabayev Gayrat Nabijonovich | I30: 32807710600037 | J30: дона | K30: 4 | L30: 1200000 | M30: =+K30*L30 -> 4800000 | O30: 1 | P30: =+IF(O30>0,K30,0) -> 4 | Q30: =+IF(O30>0,M30,0) -> 4800000 | R30: 0 | S30: =+IF(R30>0,K30,0) -> 0 | T30: =+IF(R30>0,M30,0) -> 0
A31: =+ROW(A31)-7 -> 24 | B31: 1-чорак | C31: Авиабилет | D31: ВМ захира жам. | E31: Тўғридан тўғри (ЗРУ-684, Ст-71, пункт-17, част-1,) | F31: 261191030381807 | G31: 1/AK | H31: КО ОАО Узбекистон | I31: 200543309 | J31: дона | K31: 2 | L31: 7954550 | M31: =+K31*L31 -> 15909100 | O31: 1 | P31: =+IF(O31>0,K31,0) -> 2 | Q31: =+IF(O31>0,M31,0) -> 15909100 | R31: 0 | S31: =+IF(R31>0,K31,0) -> 0 | T31: =+IF(R31>0,M31,0) -> 0
A32: =+ROW(A32)-7 -> 25 | B32: 2-чорак | C32: Услуга по техническому обслуживанию легковых автомобилей и легких грузовых автотранспортных средств, кроме услуг по ремонту электрооборудования, шин и кузовов | D32: Бюджет | E32: Таклиф сўрови 26.12.2025 г. УП-259 пункт 6 ПР №1 пункт 9 | F32: 261191400050331 | G32: C-47 | H32: OOO DRIVERS VILLAGE | I32: 300812151 | J32: усл.ед | K32: 1 | L32: 1060000 | M32: =+K32*L32 -> 1060000 | O32: 0 | P32: =+IF(O32>0,K32,0) -> 0 | Q32: =+IF(O32>0,M32,0) -> 0 | R32: 1 | S32: =+IF(R32>0,K32,0) -> 1 | T32: =+IF(R32>0,M32,0) -> 1060000
A33: =+ROW(A33)-7 -> 26 | B33: 2-чорак | C33: Чистоль | D33: Бюджет | E33: Электрон дўкон | F33: 261110085167813 | G33: 4449764 | H33: ЯККА ТАРТИБДАГИ ТАДБИРКОР | I33: 51407025650058 | J33: дона | K33: 25 | L33: 10400 | M33: =+K33*L33 -> 260000 | O33: 1 | P33: =+IF(O33>0,K33,0) -> 25 | Q33: =+IF(O33>0,M33,0) -> 260000 | R33: 0 | S33: =+IF(R33>0,K33,0) -> 0 | T33: =+IF(R33>0,M33,0) -> 0
A34: =+ROW(A34)-7 -> 27 | B34: 2-чорак | C34: Ершик для унитаза | D34: Бюджет | E34: Электрон дўкон | F34: 261110085167889 | G34: 4449837 | H34: SOH ABDUL TRADE MCHJ | I34: 309700640 | J34: дона | K34: 10 | L34: 46400 | M34: =+K34*L34 -> 464000 | O34: 1 | P34: =+IF(O34>0,K34,0) -> 10 | Q34: =+IF(O34>0,M34,0) -> 464000 | R34: 0 | S34: =+IF(R34>0,K34,0) -> 0 | T34: =+IF(R34>0,M34,0) -> 0
A35: =+ROW(A35)-7 -> 28 | B35: 2-чорак | C35: Гипохлорит кальция | D35: Бюджет | E35: Электрон дўкон | F35: 261110085167785 | G35: 4449742 | H35: CHAQMOQ MAKVIN MCHJ | I35: 311505155 | J35: кг | K35: 10 | L35: 60000 | M35: =+K35*L35 -> 600000 | O35: 1 | P35: =+IF(O35>0,K35,0) -> 10 | Q35: =+IF(O35>0,M35,0) -> 600000 | R35: 0 | S35: =+IF(R35>0,K35,0) -> 0 | T35: =+IF(R35>0,M35,0) -> 0
A36: =+ROW(A36)-7 -> 29 | B36: 2-чорак | C36: Удобрения минеральные комплексные | D36: Бюджет | E36: Электрон дўкон | F36: 261110085168071 | G36: 4449929 | H36: ООО BILOL AND E`ZOZA | I36: 307205774 | J36: кг | K36: 10 | L36: 18800 | M36: =+K36*L36 -> 188000 | O36: 1 | P36: =+IF(O36>0,K36,0) -> 10 | Q36: =+IF(O36>0,M36,0) -> 188000 | R36: 0 | S36: =+IF(R36>0,K36,0) -> 0 | T36: =+IF(R36>0,M36,0) -> 0
A37: =+ROW(A37)-7 -> 30 | B37: 2-чорак | C37: Шланг сантехнический | D37: Бюджет | E37: Электрон дўкон | F37: 261110085168006 | G37: 4449955 | H37: HAYRULLA MCHJ | I37: 312958557 | J37: дона | K37: 10 | L37: 14700 | M37: =+K37*L37 -> 147000 | O37: 1 | P37: =+IF(O37>0,K37,0) -> 10 | Q37: =+IF(O37>0,M37,0) -> 147000 | R37: 0 | S37: =+IF(R37>0,K37,0) -> 0 | T37: =+IF(R37>0,M37,0) -> 0
A38: =+ROW(A38)-7 -> 31 | B38: 2-чорак | C38: Сифон | D38: Бюджет | E38: Электрон дўкон | F38: 261110085167978 | G38: 4449918 | H38: TRADING VENTURE XK | I38: 303166677 | J38: дона | K38: 10 | L38: 19000 | M38: =+K38*L38 -> 190000 | O38: 1 | P38: =+IF(O38>0,K38,0) -> 10 | Q38: =+IF(O38>0,M38,0) -> 190000 | R38: 0 | S38: =+IF(R38>0,K38,0) -> 0 | T38: =+IF(R38>0,M38,0) -> 0
A39: =+ROW(A39)-7 -> 32 | B39: 2-чорак | C39: Подстилка для унитаза | D39: Бюджет | E39: Электрон дўкон | F39: 261110085167931 | G39: 4449856 | H39: SAM-ALI 0920 MCHJ | I39: 310866737 | J39: дона | K39: 10 | L39: 38999 | M39: =+K39*L39 -> 389990 | O39: 1 | P39: =+IF(O39>0,K39,0) -> 10 | Q39: =+IF(O39>0,M39,0) -> 389990 | R39: 0 | S39: =+IF(R39>0,K39,0) -> 0 | T39: =+IF(R39>0,M39,0) -> 0
A40: =+ROW(A40)-7 -> 33 | B40: 2-чорак | C40: Семена газонной травы | D40: Бюджет | E40: Электрон дўкон | F40: 261110085168117 | G40: 4450009 | H40: YTT SALOHIDDINOV BERDIYOR DILMUROD O?G?LI | I40: 52411046450017 | J40: кг | K40: 2 | L40: 245000 | M40: =+K40*L40 -> 490000 | O40: 1 | P40: =+IF(O40>0,K40,0) -> 2 | Q40: =+IF(O40>0,M40,0) -> 490000 | R40: 0 | S40: =+IF(R40>0,K40,0) -> 0 | T40: =+IF(R40>0,M40,0) -> 0
A41: =+ROW(A41)-7 -> 34 | B41: 2-чорак | C41: Краска эмаль | D41: Бюджет | E41: Электрон дўкон | F41: 261110085168273 | G41: 4450182 | H41: MEXR VODIYSI | I41: 309758964 | J41: дона | K41: 3 | L41: 64500 | M41: =+K41*L41 -> 193500 | O41: 1 | P41: =+IF(O41>0,K41,0) -> 3 | Q41: =+IF(O41>0,M41,0) -> 193500 | R41: 0 | S41: =+IF(R41>0,K41,0) -> 0 | T41: =+IF(R41>0,M41,0) -> 0
A42: =+ROW(A42)-7 -> 35 | B42: 2-чорак | C42: Водоэмульсия | D42: Бюджет | E42: Электрон дўкон | F42: 261110085168229 | G42: 4450143 | H42: MEXR VODIYSI | I42: 309758964 | J42: дона | K42: 4 | L42: 190000 | M42: =+K42*L42 -> 760000 | O42: 1 | P42: =+IF(O42>0,K42,0) -> 4 | Q42: =+IF(O42>0,M42,0) -> 760000 | R42: 0 | S42: =+IF(R42>0,K42,0) -> 0 | T42: =+IF(R42>0,M42,0) -> 0
A43: =+ROW(A43)-7 -> 36 | B43: 2-чорак | C43: Услуга по текущему ремонту сплит кондиционеров | D43: Бюджет | E43: Электрон дўкон | F43: 261111145182791 | G43: 4466669 | H43: RAKAT 712 MCHJ | I43: 312888637 | J43: усл. Ед | K43: 5 | L43: 2150000 | M43: =+K43*L43 -> 10750000 | O43: 0 | P43: =+IF(O43>0,K43,0) -> 0 | Q43: =+IF(O43>0,M43,0) -> 0 | R43: 1 | S43: =+IF(R43>0,K43,0) -> 5 | T43: =+IF(R43>0,M43,0) -> 10750000
A44: =+ROW(A44)-7 -> 37 | B44: 2-чорак | C44: Блок питания | D44: Бюджет | E44: Электрон дўкон | F44: 261110085182774 | G44: 4466629 | H44: ХК VIRGO GROUP | I44: 301303389 | J44: дона | K44: 5 | L44: 100000 | M44: =+K44*L44 -> 500000 | O44: 1 | P44: =+IF(O44>0,K44,0) -> 5 | Q44: =+IF(O44>0,M44,0) -> 500000 | R44: 0 | S44: =+IF(R44>0,K44,0) -> 0 | T44: =+IF(R44>0,M44,0) -> 0
A45: =+ROW(A45)-7 -> 38 | B45: 2-чорак | C45: Салфетки бумажные | D45: Бюджет | E45: Электрон дўкон | F45: 261110085260819 | G45: 4745232 | H45: SOFT PERO MCHJ | I45: 309038474 | J45: упак | K45: 200 | L45: 9700 | M45: =+K45*L45 -> 1940000 | O45: 1 | P45: =+IF(O45>0,K45,0) -> 200 | Q45: =+IF(O45>0,M45,0) -> 1940000 | R45: 0 | S45: =+IF(R45>0,K45,0) -> 0 | T45: =+IF(R45>0,M45,0) -> 0
A46: =+ROW(A46)-7 -> 39 | B46: 2-чорак | C46: Аренда транспортных средств | D46: Бюджет | E46: Ягона етказиб берувчи | F46: 261190860491411 | G46: 26/И | H46: PAIB Avtoxojaligi | I46: 201123394 | J46: усл. Ед | K46: 12 | L46: 225000013 | M46: =+K46*L46 -> 2700000156 | O46: 0 | P46: =+IF(O46>0,K46,0) -> 0 | Q46: =+IF(O46>0,M46,0) -> 0 | R46: 1 | S46: =+IF(R46>0,K46,0) -> 12 | T46: =+IF(R46>0,M46,0) -> 2700000156
A47: =+ROW(A47)-7 -> 40 | B47: 2-чорак | C47: Вода минеральная природная питьевая упакованная | D47: Бюджет | E47: Электрон дўкон | F47: 261111145304678 | G47: 4784734 | H47: СП JUST WATERS | I47: 307405709 | J47: дона | K47: 200 | L47: 20000 | M47: =+K47*L47 -> 4000000 | O47: 1 | P47: =+IF(O47>0,K47,0) -> 200 | Q47: =+IF(O47>0,M47,0) -> 4000000 | R47: 0 | S47: =+IF(R47>0,K47,0) -> 0 | T47: =+IF(R47>0,M47,0) -> 0
A48: =+ROW(A48)-7 -> 41 | B48: 2-чорак | C48: Услуга по чистке ковров | D48: Бюджет | E48: Электрон дўкон | F48: 261110085349480 | G48: 4825382 | H48: BEST WASHH MAS`ULIYATI CHEKLANGAN JAMIYAT | I48: 309351411 | J48: усл. Ед | K48: 1 | L48: 9999999 | M48: =+K48*L48 -> 9999999 | O48: 0 | P48: =+IF(O48>0,K48,0) -> 0 | Q48: =+IF(O48>0,M48,0) -> 0 | R48: 1 | S48: =+IF(R48>0,K48,0) -> 1 | T48: =+IF(R48>0,M48,0) -> 9999999
A49: =+ROW(A49)-7 -> 42 | B49: 2-чорак | C49: Авиабилет | D49: ВМ захира жам. | E49: Тўғридан тўғри (ЗРУ-684, Ст-71, пункт-17, част-1,) | F49: 261191030427537 | G49: 25/АК | H49: КО ОАО Узбекистон | I49: 200543309 | J49: дона | K49: 5 | L49: 31238244 | M49: =+K49*L49 -> 156191220 | O49: 1 | P49: =+IF(O49>0,K49,0) -> 5 | Q49: =+IF(O49>0,M49,0) -> 156191220 | R49: 0 | S49: =+IF(R49>0,K49,0) -> 0 | T49: =+IF(R49>0,M49,0) -> 0
A50: =+ROW(A50)-7 -> 43 | B50: 2-чорак | C50: Авиабилет | D50: ВМ захира жам. | E50: Тўғридан тўғри (ЗРУ-684, Ст-71, пункт-17, част-1,) | F50: 261191030429815 | G50: 16/АК | H50: КО ОАО Узбекистон | I50: 200543309 | J50: дона | K50: 7 | L50: 3614803 | M50: =+K50*L50 -> 25303621 | O50: 1 | P50: =+IF(O50>0,K50,0) -> 7 | Q50: =+IF(O50>0,M50,0) -> 25303621 | R50: 0 | S50: =+IF(R50>0,K50,0) -> 0 | T50: =+IF(R50>0,M50,0) -> 0
A51: =+ROW(A51)-7 -> 44 | B51: 2-чорак | C51: Сувениры | D51: ВМ захира жам. | E51: Тўғридан тўғри (ЗРУ-684, Ст-71, пункт-17, част-1,) | F51: 261191030427626 | G51: 01 | H51: ABDULLAYEV XAMIDULLA XASANOVICH | I51: 33007870290041 | J51: дона | K51: 4 | L51: 1237500 | M51: =+K51*L51 -> 4950000 | O51: 1 | P51: =+IF(O51>0,K51,0) -> 4 | Q51: =+IF(O51>0,M51,0) -> 4950000 | R51: 0 | S51: =+IF(R51>0,K51,0) -> 0 | T51: =+IF(R51>0,M51,0) -> 0
A52: =+ROW(A52)-7 -> 45 | B52: 2-чорак | C52: Услуга по изготовлению панно | D52: ВМ захира жам. | E52: Тўғридан тўғри (ЗРУ-684, Ст-71, пункт-17, част-1,) | F52: 261191030427459 | G52: 06 | H52: Xusanov Alijon | I52: 32008870290041 | J52: дона | K52: 4 | L52: 740000 | M52: =+K52*L52 -> 2960000 | O52: 1 | P52: =+IF(O52>0,K52,0) -> 4 | Q52: =+IF(O52>0,M52,0) -> 2960000 | R52: 0 | S52: =+IF(R52>0,K52,0) -> 0 | T52: =+IF(R52>0,M52,0) -> 0
A53: =+ROW(A53)-7 -> 46 | B53: 2-чорак | C53: Сувениры | D53: ВМ захира жам. | E53: Тўғридан тўғри (ЗРУ-684, Ст-71, пункт-17, част-1,) | F53: 261191030427627 | G53: 01 | H53: ЯТТ Madjidov Jamshid Djalilovich | I53: 31009870100030 | J53: дона | K53: 2 | L53: 2400000 | M53: =+K53*L53 -> 4800000 | O53: 1 | P53: =+IF(O53>0,K53,0) -> 2 | Q53: =+IF(O53>0,M53,0) -> 4800000 | R53: 0 | S53: =+IF(R53>0,K53,0) -> 0 | T53: =+IF(R53>0,M53,0) -> 0
A54: =+ROW(A54)-7 -> 47 | B54: 2-чорак | C54: Сувениры | D54: ВМ захира жам. | E54: Тўғридан тўғри (ЗРУ-684, Ст-71, пункт-17, част-1,) | F54: 261191030427669 | G54: 02 | H54: ABDULLAYEV XAMIDULLA XASANOVICH | I54: 33007870290041 | J54: дона | K54: 4 | L54: 1242500 | M54: =+K54*L54 -> 4970000 | O54: 1 | P54: =+IF(O54>0,K54,0) -> 4 | Q54: =+IF(O54>0,M54,0) -> 4970000 | R54: 0 | S54: =+IF(R54>0,K54,0) -> 0 | T54: =+IF(R54>0,M54,0) -> 0
A55: =+ROW(A55)-7 -> 48 | B55: 2-чорак | C55: Круглые панно | D55: ВМ захира жам. | E55: Тўғридан тўғри (ЗРУ-684, Ст-71, пункт-17, част-1,) | F55: 261191030429700 | G55: 05 | H55: Xusanov Alijon | I55: 32008870290041 | J55: дона | K55: 4 | L55: 1240000 | M55: =+K55*L55 -> 4960000 | O55: 1 | P55: =+IF(O55>0,K55,0) -> 4 | Q55: =+IF(O55>0,M55,0) -> 4960000 | R55: 0 | S55: =+IF(R55>0,K55,0) -> 0 | T55: =+IF(R55>0,M55,0) -> 0
A56: =+ROW(A56)-7 -> 49 | B56: 2-чорак | C56: Авиабилет | D56: ВМ захира жам. | E56: Тўғридан тўғри (ЗРУ-684, Ст-71, пункт-17, част-1,) | F56: 261191030455810 | G56: 34/АК | H56: КО ОАО Узбекистон | I56: 200543309 | J56: дона | K56: 1 | L56: 3729917 | M56: =+K56*L56 -> 3729917 | O56: 1 | P56: =+IF(O56>0,K56,0) -> 1 | Q56: =+IF(O56>0,M56,0) -> 3729917 | R56: 0 | S56: =+IF(R56>0,K56,0) -> 0 | T56: =+IF(R56>0,M56,0) -> 0
A57: =+ROW(A57)-7 -> 50 | B57: 2-чорак | C57: Авиабилет | D57: ВМ захира жам. | E57: Тўғридан тўғри (ЗРУ-684, Ст-71, пункт-17, част-1,) | F57: 261191030491752 | G57: 46/АК | H57: КО ОАО Узбекистон | I57: 200543309 | J57: дона | K57: 4 | L57: 29782091 | M57: =+K57*L57 -> 119128364 | O57: 1 | P57: =+IF(O57>0,K57,0) -> 4 | Q57: =+IF(O57>0,M57,0) -> 119128364 | R57: 0 | S57: =+IF(R57>0,K57,0) -> 0 | T57: =+IF(R57>0,M57,0) -> 0
A58: =+ROW(A58)-7 -> 51 | B58: 2-чорак | C58: Авиабилет | D58: ВМ захира жам. | E58: Тўғридан тўғри (ЗРУ-684, Ст-71, пункт-17, част-1,) | F58: 261191030491792 | G58: 48/АК | H58: КО ОАО Узбекистон | I58: 200543309 | J58: дона | K58: 2 | L58: 18056379 | M58: =+K58*L58 -> 36112758 | O58: 1 | P58: =+IF(O58>0,K58,0) -> 2 | Q58: =+IF(O58>0,M58,0) -> 36112758 | R58: 0 | S58: =+IF(R58>0,K58,0) -> 0 | T58: =+IF(R58>0,M58,0) -> 0
A59: =+ROW(A59)-7 -> 52 | B59: 3-чорак | C59: Услуга подключения поддержки SSL протокола | D59: Бюджет | E59: Электрон дўкон | F59: 261110085426712 | G59: 4948335 | H59: ARSENAL WEBNAME Mas uliyati cheklangan jamiyat | I59: 308708456 | J59: усл. Ед | K59: 1 | L59: 110000 | M59: =+K59*L59 -> 110000 | O59: 0 | P59: =+IF(O59>0,K59,0) -> 0 | Q59: =+IF(O59>0,M59,0) -> 0 | R59: 1 | S59: =+IF(R59>0,K59,0) -> 1 | T59: =+IF(R59>0,M59,0) -> 110000
A60: =+ROW(A60)-7 -> 53 | B60: 3-чорак | C60: Тонер | D60: Бюджет | E60: Электрон дўкон | F60: 261110085433031 | G60: 4964163 | H60: СП TASHKEI INTERNATIONALООО | I60: 201354154 | J60: дона | K60: 10 | L60: 139500 | M60: =+K60*L60 -> 1395000 | O60: 1 | P60: =+IF(O60>0,K60,0) -> 10 | Q60: =+IF(O60>0,M60,0) -> 1395000 | R60: 0 | S60: =+IF(R60>0,K60,0) -> 0 | T60: =+IF(R60>0,M60,0) -> 0
A61: =+ROW(A61)-7 -> 54 | B61: 3-чорак | C61: Услуга по организации краткосрочных курсов профессионального обучения | D61: Бюджет | E61: Электрон дўкон | F61: 261110085440150 | G61: 4979802 | H61: O?ZBEKISTON RESPUBLIKASI ADLIYA VAZIRLIGI HUZURIDAGI YURIDIK KADRLARNI QAYTA TAY | I61: 312029937 | J61: усл. Ед | K61: 3 | L61: 494400 | M61: =+K61*L61 -> 1483200 | O61: 1 | P61: =+IF(O61>0,K61,0) -> 3 | Q61: =+IF(O61>0,M61,0) -> 1483200 | R61: 0 | S61: =+IF(R61>0,K61,0) -> 0 | T61: =+IF(R61>0,M61,0) -> 0
A62: =+ROW(A62)-7 -> 55 | B62: 3-чорак | C62: Защищенная электронная почта Е-ХАТ | D62: Бюджет | E62: Ягона етказиб берувчи | F62: 261190860530243 | G62: E-26-10577 | H62: ГУП UNICON.UZ | I62: 200898586 | J62: усл. Ед | K62: 14 | L62: 795400 | M62: =+K62*L62 -> 11135600 | O62: 0 | P62: =+IF(O62>0,K62,0) -> 0 | Q62: =+IF(O62>0,M62,0) -> 0 | R62: 1 | S62: 1 | T62: =+IF(R62>0,M62,0) -> 11135600
A63: =+ROW(A63)-7 -> 56 | B63: 3-чорак | C63: Услугa по обслуживанию и ремонту автоматических ворот | D63: Бюджет | E63: Электрон дўкон | F63: 261110085463645 | G63: 5000045 | H63: ЧП DOORS KINGDOM | I63: 306041166 | J63: усл. Ед | K63: 1 | L63: 2332000 | M63: =+K63*L63 -> 2332000 | O63: 1 | P63: =+IF(O63>0,K63,0) -> 1 | Q63: =+IF(O63>0,M63,0) -> 2332000 | R63: 0 | S63: =+IF(R63>0,K63,0) -> 0 | T63: =+IF(R63>0,M63,0) -> 0
A64: =+ROW(A64)-7 -> 57 | B64: 3-чорак | C64: Услуга по техническому обслуживанию легковых автомобилей и легких грузовых автотранспортных средств, кроме услуг по ремонту электрооборудования, шин и кузовов | D64: Бюджет | E64: Таклиф сўрови 26.12.2025 г. УП-259 пункт 6 ПР №1 пункт 9 | F64: 261191400081319 | G64: 0907 | H64: ООО LYUKS AUTO | I64: 305615495 | J64: усл. Ед | K64: 1 | L64: 3690000 | M64: =+K64*L64 -> 3690000 | O64: 1 | P64: =+IF(O64>0,K64,0) -> 1 | Q64: =+IF(O64>0,M64,0) -> 3690000 | R64: 0 | S64: =+IF(R64>0,K64,0) -> 0 | T64: =+IF(R64>0,M64,0) -> 0
A65: =+ROW(A65)-7 -> 58 | B65: 3-чорак | C65: Услуга по использованию программных продуктов | D65: Бюджет | E65: Электрон дўкон | F65: 261110085472774 | G65: 5007171 | H65: GP TECH UNION MCHJ | I65: 312915680 | J65: усл. Ед | K65: 1 | L65: 2200000 | M65: =+K65*L65 -> 2200000 | O65: 1 | P65: =+IF(O65>0,K65,0) -> 1 | Q65: =+IF(O65>0,M65,0) -> 2200000 | R65: 0 | S65: =+IF(R65>0,K65,0) -> 0 | T65: =+IF(R65>0,M65,0) -> 0
A66: =+ROW(A66)-7 -> 59 | B66: 3-чорак | C66: Услуга по организации учебного семинара | D66: Бюджет | E66: Электрон дўкон | F66: 261110085473279 | G66: 5007499 | H66: Уз.Р.Бош прокуратура академияси | I66: 200838518 | J66: Чел. | K66: 3 | L66: 57680 | M66: =+K66*L66 -> 173040 | O66: 1 | P66: =+IF(O66>0,K66,0) -> 3 | Q66: =+IF(O66>0,M66,0) -> 173040 | R66: 0 | S66: =+IF(R66>0,K66,0) -> 0 | T66: =+IF(R66>0,M66,0) -> 0
A67: =+ROW(A67)-7 -> 60 | B67: 3-чорак | C67: Услуга по организации учебного семинара | D67: Бюджет | E67: Электрон дўкон | F67: 261110085473288 | G67: 5007513 | H67: Уз.Р.Бош прокуратура академияси | I67: 200838518 | J67: Чел. | K67: 1 | L67: 86520 | M67: =+K67*L67 -> 86520 | O67: 1 | P67: =+IF(O67>0,K67,0) -> 1 | Q67: =+IF(O67>0,M67,0) -> 86520 | R67: 0 | S67: =+IF(R67>0,K67,0) -> 0 | T67: =+IF(R67>0,M67,0) -> 0
A68: =+ROW(A68)-7 -> 61 | B68: 3-чорак | C68: Услуга по проведению профилактических испытаний электрооборудования, силовых проводов и защитного заземления | D68: Бюджет | E68: Электрон дўкон | F68: 261110085424982 | G68: 4923709 | H68: ETL-KAZBEK XK | I68: 206019108 | J68: усл. Ед | K68: 1 | L68: 650000 | M68: =+K68*L68 -> 650000 | O68: 1 | P68: =+IF(O68>0,K68,0) -> 1 | Q68: =+IF(O68>0,M68,0) -> 650000 | R68: 0 | S68: =+IF(R68>0,K68,0) -> 0 | T68: =+IF(R68>0,M68,0) -> 0
A69: =+ROW(A69)-7 -> 62 | B69: 3-чорак | C69: Услуга по техническому обслуживанию, сопровождению программного обеспечения | D69: Бюджет | E69: Электрон дўкон | F69: 261110085532815 | G69: 5060916 | H69: UNICON-SOFT МЧЖ | I69: 305109680 | J69: усл. Ед | K69: 70 | L69: 74500 | M69: =+K69*L69 -> 5215000 | O69: 0 | P69: =+IF(O69>0,K69,0) -> 0 | Q69: =+IF(O69>0,M69,0) -> 0 | R69: 1 | S69: =+IF(R69>0,K69,0) -> 70 | T69: =+IF(R69>0,M69,0) -> 5215000
A70: =+ROW(A70)-7 -> 63 | B70: 3-чорак | C70: Услуга по организации краткосрочных курсов профессионального обучения | D70: Бюджет | E70: Электрон дўкон | F70: 261110085567858 | G70: 5088910 | H70: O?ZBEKISTON RESPUBLIKASI ADLIYA VAZIRLIGI HUZURIDAGI YURIDIK KADRLARNI QAYTA TAY | I70: 312029937 | J70: Чел. | K70: 1 | L70: 1483200 | M70: =+K70*L70 -> 1483200 | O70: 1 | P70: =+IF(O70>0,K70,0) -> 1 | Q70: =+IF(O70>0,M70,0) -> 1483200 | R70: 0 | S70: =+IF(R70>0,K70,0) -> 0 | T70: =+IF(R70>0,M70,0) -> 0
A71: =+ROW(A71)-7 -> 64 | B71: 3-чорак | C71: Бумага туалетная | D71: Бюджет | E71: Электрон дўкон | F71: 261110085614697 | G71: 5170316 | H71: SPHERE MEDIC MCHJ | I71: 309678233 | J71: упак | K71: 100 | L71: 18000 | M71: =+K71*L71 -> 1800000 | O71: 1 | P71: =+IF(O71>0,K71,0) -> 100 | Q71: =+IF(O71>0,M71,0) -> 1800000 | R71: 0 | S71: =+IF(R71>0,K71,0) -> 0 | T71: =+IF(R71>0,M71,0) -> 0
A72: =+ROW(A72)-7 -> 65 | B72: 3-чорак | C72: Полотенце бумажное | D72: Бюджет | E72: Электрон дўкон | F72: 261110085629995 | G72: 5184006 | H72: INTERNATIONAL PAPERХК | I72: 205247459 | J72: упак | K72: 100 | L72: 9968 | M72: =+K72*L72 -> 996800 | O72: 1 | P72: =+IF(O72>0,K72,0) -> 100 | Q72: =+IF(O72>0,M72,0) -> 996800 | R72: 0 | S72: =+IF(R72>0,K72,0) -> 0 | T72: =+IF(R72>0,M72,0) -> 0
A73: =+ROW(A73)-7 -> 66 | B73: 3-чорак | C73: Услуга по круглосуточной поддержке телефонной линии | D73: Бюджет | E73: Тўғридан тўғри (ЗРУ-684, Ст-71, пункт-21, част-1,) | F73: 261191100319798 | G73: 1-д/с 144/В-19 | H73: Республика махсус алока богламаси ДУК | I73: 201440547 | J73: усл. Ед | K73: 1 | L73: 14231010 | M73: 14231010 | O73: 0 | P73: =+IF(O73>0,K73,0) -> 0 | Q73: =+IF(O73>0,M73,0) -> 0 | R73: 1 | S73: =+IF(R73>0,K73,0) -> 1 | T73: =+IF(R73>0,M73,0) -> 14231010
A74: =+ROW(A74)-7 -> 67 | B74: 3-чорак | C74: Услуга по регистрации доменов | D74: Бюджет | E74: Электрон дўкон | F74: 261110085702083 | G74: 5236053 | H74: OOO ARSENAL D | I74: 206719257 | J74: усл. Ед | K74: 1 | L74: 105000 | M74: =+K74*L74 -> 105000 | O74: 1 | P74: =+IF(O74>0,K74,0) -> 1 | Q74: =+IF(O74>0,M74,0) -> 105000 | R74: 0 | S74: =+IF(R74>0,K74,0) -> 0 | T74: =+IF(R74>0,M74,0) -> 0
A75: =+ROW(A75)-7 -> 68 | B75: 3-чорак | C75: Нагрудный знак | D75: Бюджет | E75: Ягона етказиб берувчи | F75: 261190860617139 | G75: 95 | H75: OOO SOUVENIR | I75: 302768782 | J75: дона | K75: 10 | L75: 235200 | M75: =+K75*L75 -> 2352000 | O75: 1 | P75: =+IF(O75>0,K75,0) -> 10 | Q75: =+IF(O75>0,M75,0) -> 2352000 | R75: 0 | S75: =+IF(R75>0,K75,0) -> 0 | T75: =+IF(R75>0,M75,0) -> 0
A76: =+ROW(A76)-7 -> 69 | B76: 3-чорак | C76: Услуга по круглосуточной поддержке телефонной линии | D76: Бюджет | E76: Тўғридан тўғри (ЗРУ-684, Ст-71, пункт-21, част-1,) | F76: 261191100253142 | G76: 1-д/с CPIO-4701 | H76: O`ZBEKTELEKOM АЖ | I76: 203366731 | J76: усл. Ед | K76: 1 | L76: 11354000 | M76: =+K76*L76 -> 11354000 | O76: 0 | P76: =+IF(O76>0,K76,0) -> 0 | Q76: =+IF(O76>0,M76,0) -> 0 | R76: 1 | S76: =+IF(R76>0,K76,0) -> 1 | T76: =+IF(R76>0,M76,0) -> 11354000
A77: =+ROW(A77)-7 -> 70 | B77: 3-чорак | C77: Авиабилет | D77: ВМ захира жам. | E77: Тўғридан тўғри (ЗРУ-684, Ст-71, пункт-17, част-1,) | F77: 261191030539327 | G77: 59/АК | H77: КО ОАО Узбекистон | I77: 200543309 | J77: дона | K77: 2 | L77: 7928080 | M77: =+K77*L77 -> 15856160 | O77: 1 | P77: =+IF(O77>0,K77,0) -> 2 | Q77: =+IF(O77>0,M77,0) -> 15856160 | R77: 0 | S77: =+IF(R77>0,K77,0) -> 0 | T77: =+IF(R77>0,M77,0) -> 0
A78: =+ROW(A78)-7 -> 71 | B78: 3-чорак | C78: Сувениры | D78: ВМ захира жам. | E78: Тўғридан тўғри (ЗРУ-684, Ст-71, пункт-17, част-1,) | F78: 261191030539665 | G78: 17 | H78: Xusanov Alijon | I78: 32008870290041 | J78: дона | K78: 1 | L78: 4900000 | M78: =+K78*L78 -> 4900000 | O78: 1 | P78: =+IF(O78>0,K78,0) -> 1 | Q78: =+IF(O78>0,M78,0) -> 4900000 | R78: 0 | S78: =+IF(R78>0,K78,0) -> 0 | T78: =+IF(R78>0,M78,0) -> 0
A79: =+ROW(A79)-7 -> 72 | B79: 3-чорак | C79: Сувениры | D79: ВМ захира жам. | E79: Тўғридан тўғри (ЗРУ-684, Ст-71, пункт-17, част-1,) | F79: 261191030539686 | G79: 19 | H79: Xusanov Alijon | I79: 32008870290041 | J79: дона | K79: 1 | L79: 3000000 | M79: =+K79*L79 -> 3000000 | O79: 1 | P79: =+IF(O79>0,K79,0) -> 1 | Q79: =+IF(O79>0,M79,0) -> 3000000 | R79: 0 | S79: =+IF(R79>0,K79,0) -> 0 | T79: =+IF(R79>0,M79,0) -> 0
N86: 1 | Q86: 0 | R86: 0 | S86: 0
B87: *Изоҳ: Молиялаштириш манбаси аниқ кўрсатилади. Молиялаштириш манбалари: Ўзбекистон Республикасининг Давлат бюджети, Давлат мақсадли жамғарма маблағлари, Ўзбекистон Республикаси Давлат бюджети таркибидаги бюджетларнинг қўшимча манбалари, бюджет ташкилотларининг бюджетдан ташқари жамғармалари маблағлари | Q87: =SUM(Q8:Q58) -> 501180555 | T87: =SUM(T8:T58) -> 4.4218064e+09 | U87: =+Q87+T87 -> 4.922987e+09
M89: =SUM(M8:M79) -> 5.0075355e+09
M97: 14231010
M98: =+M97/12 -> 1185917.5

Sheet 6-илова 
F1: Бюджет жараёнининг очиқлигини таъминлаш мақсадида расмий веб-сайтларда маълумотларни жойлаштириш тартиби тўғрисидаги низомга 6-ИЛОВА
A3: 2026 йил 9 ойликда Ўзбекистон Республикаси Марказий сайлов комиссияси томонидан қурилиш, реконструкция қилиш ва таъмирлаш ишлари бўйича ўтказилган танловлар (тендерлар) тўғрисидаги МАЪЛУМОТЛАР
A5: Т/р | B5: Ҳисобот даври | C5: Тадбир номи | D5: Молиялаштириш манбаси* | E5: Ҳарид жараёнини амалга ошириш тури | F5: Пудратчи тўғрисида маълумотлар | H5: Шартноманинг умумий қиймати (минг сўм)
F6: Пудратчи номи | G6: Корхона СТИРи
A7: 1 | B7: 0 | C7: 0 | D7: 0 | E7: 0 | F7: 0 | G7: 0 | H7: 0
A8: =+A7+1 -> 2 | B8: 0 | C8: 0 | D8: 0 | E8: 0 | F8: 0 | G8: 0 | H8: 0
A9: =+A8+1 -> 3 | B9: 0 | C9: 0 | D9: 0 | E9: 0 | F9: 0 | G9: 0 | H9: 0
A10: =+A9+1 -> 4 | B10: 0 | C10: 0 | D10: 0 | E10: 0 | F10: 0 | G10: 0 | H10: 0
B12: *Изоҳ: Молиялаштириш манбаси аниқ кўрсатилади. Молиялаштириш манбалари: Ўзбекистон Республикасининг Давлат бюджети, Давлат мақсадли жамғарма маблағлари, Ўзбекистон Республикаси Давлат бюджети таркибидаги бюджетларнинг қўшимча манбалари, бюджет ташкилотларининг бюджетдан ташқари жамғармалари маблағлари

Sheet 8-илова 
H1: Бюджет жараёнининг очиқлигини таъминлаш мақсадида расмий веб-сайтларда маълумотларни жойлаштириш тартиби тўғрисидаги низомга 8-ИЛОВА
A2: 2026 йил 9 ойликда Ўзбекистон Республикасининг Давлат бюджетидан молиялаштириладиган ижтимоий ва ишлаб чиқариш инфратузилмасини ривожлантириш дастурларининг ижро этилиши тўғрисидаги МАЪЛУМОТ
A3: Ўзбекистон Республикаси Марказий сайлов комиссияси бўйича
A5: Т/р | B5: Объект номи ва манзили | C5: Амалга ошириш муддати | D5: Ўлчов бирлиги | E5: Лойиҳа қуввати | F5: Режалаштирилган маблағ | H5: Молиялаш-тирилган маблағ (минг сўм) | I5: Бажарилган ишлар ва харажатларнинг миқдори (минг сўм) | J5: Ажратилган маблағнинг ўзлаш-тирилиши (%) | K5: Дастурга киритиш учун асос
F6: Йил бошида учун тасдиқланган дастур асосида (минг сўм) | G6: Йил давомида қўшимча ажратилган маблағлар асосида (минг сўм)
A7: I | B7: Янги қурилиш
A10: II | B10: Реконструкция
A13: III | B13: Жиҳозлаш
A16: IV | B16: Кейинги йиллар лойиҳа қидирув ишлари учун
A19: V | B19: Кредитор қарздорликни қоплаш
A22: VI | B22: Мукаммал таъмирлаш

Sheet 1-шакл (Баланс)
C1: Ўзбекистон Республикаси бюджет ҳисобининг стандарти (3-сонли БҲС) «Бюджет ҳисоботи»га
C2: 1-ИЛОВА
D3: 1-сон шакл
A5: БАЛАНС
A6: на 01.10.2026
A8: Организация: | B8: "O'ZBEKISTON RESPUBLIKASI MARKAZIY SAYLOV KOMISSIYASI" DM
A9: Периодичность: | B9: 1 октабр
A10: Единица измерения | B10: Сум
A11: Министерство | B11: ______________________________________________________
A12: Уровень бюджета | B12: ______________________________________________________
A13: Казначейский лицевой счет организации
A15: АКТИВЛАР | B15: Қатор коди | C15: Йил бошида | D15: Йил (чорак) охирида
A16: АКТИВЛАР | B16: 000
A17: I БЎЛИМ. ЖОРИЙ АКТИВЛАР | B17: 000
A18: Пул маблағлари | B18: 000
A19: Бюджет ташкилотларининг бюджетдан ташқари маблағлари (102 400) | B19: 11 | C19: 32244599 | D19: 32244599
A20: Бюджет ташкилотларининг ривожлантириш жамғармаси (102 401) | B20: 1101 | C20: 32244599 | D20: 32244599
A21: Тиббиёт ташкилотларининг моддий рағбатлантириш ва ривожлантириш жамғармаси (102 402) | B21: 1102 | C21: 0 | D21: 0
A22: Бюджетдан ташқари пенсия жамғармаси маблағларидан пенсия, нафақа ва бошқа тўловлар (102 403) | B22: 1103 | C22: 0 | D22: 0
A23: Бюджет ташкилотларининг бюджетга ўтказилиши лозим бўлган (ўтган йилнинг дебитор қарздорлигини, камомадларни, текширув натижасига кўра аниқланган ўзлаштиришларни) маблағлари (102 404) | B23: 1104 | C23: 0 | D23: 0
A24: Мактабгача таълим ташкилотларида болалар таъминоти учун ота-оналардан олинадиган тўловлар (102 405) | B24: 1105 | C24: 0 | D24: 0
A25: Мактабдан ташқари муассасаларда болалар таъминоти учун ота-оналардан олинадиган тўловлар (102 406) | B25: 1106 | C25: 0 | D25: 0
A26: Иш жойида овқат билан таъминланганлиги учун ходимлар билан ҳисоб-китоблардан тушумлар (102 407) | B26: 1107 | C26: 0 | D26: 0
A27: Мактаб-интернатлар ва лицейларда болаларнинг таъминоти учун ота-оналардан тушумлар (102 408) | B27: 1108 | C27: 0 | D27: 0
A28: Таълим муассасаларида ўқитишнинг тўлов-контракт шаклидан тушумлар (102 409) | B28: 1109 | C28: 0 | D28: 0
A29: Вазирликлар ва идораларнинг ажратмалар ҳисобига шаклланадиган бюджетдан ташқари жамғармалари (102 410) | B29: 1110 | C29: 0 | D29: 0
A30: Умумтаълим муассасаларида дарсликлар ижараси тўлови (102 411) | B30: 1111 | C30: 0 | D30: 0
... A83: Пул маблағлари — жами (10+11+12+14+17+18+19+20+23 — қаторлар) | B83: 30 | C83: 32244599 | D83: 32244599
A84: Молиявий маблағлар бўйича жорий дебитор қарзлар | B84: 000
A85: Қисқа муддатли депозитлар (121 000) | B85: 40 | C85: 0 | D85: 0
A86: Қисқа муддатли ички депозитлар (121100) | B86: 4001 | C86: 0 | D86: 0
A87: Қисқа муддатли ташқи депозитлар (121200) | B87: 4002 | C87: 0 | D87: 0
A88: Бюджет ташкилотларининг дебитор қарзлари | B88: 000
A89: Бюджет ташкилотларининг турли ҳисоб-китоблар бўйича дебитор қарзлари (151 000) | B89: 50 | C89: 91953977 | D89: 89290625
A90: Бюджет ташкилотларининг мол етказиб берувчилар ва пудратчилар билан ҳисоб-китоблар бўйича дебитор қарзлари (151 100) | B90: 5001 | C90: 0 | D90: 0
A91: Бюджет ташкилотларининг харидор ва буюртмачилар билан ҳисоб-китоблар бўйича дебитор қарзлари (151 200) | B91: 5002 | C91: 0 | D91: 0
A92: Бюджет ташкилотларининг суғурта тўловлари бўйича ҳисоб-китоблардан дебитор қарзлари (151 300) | B92: 5003 | C92: 0 | D92: 0
A93: Бюджет ташкилотларининг тўловларнинг махсус турларига доир ҳисоб-китоблардан дебитор қарзлари (151 400) | B93: 5004 | C93: 0 | D93: 0
A94: Бюджет ташкилотларининг бошқа турдаги ҳисоб-китоблардан дебитор қарзлари (151 900) | B94: 5005 | C94: 91953977 | D94: 89290625
A95: Бюджет ташкилотларининг бюджет ва бюджетдан ташқари жамғармалар билан дебитор қарзлари (152 000) | B95: 51 | C95: 0 | D95: 0
A96: Бюджет ташкилотларининг бюджетга тўловлар бўйича бюджет билан дебитор қарзлари (152 100) | B96: 5101 | C96: 0 | D96: 0
A97: Бюджет ташкилотларининг ягона ижтимоий тўлов бўйича дебитор қарзлари (152 200) | B97: 5102 | C97: 0 | D97: 0
A98: Бюджет ташкилотларининг шахсий жамғариб бориладиган Пенсия ҳисобварағи бадаллари бўйича дебитор қарзлари (152 300) | B98: 5103 | C98: 0 | D98: 0
A99: Бюджет ташкилотларининг бюджетдан ташқари Пенсия жамғармаси билан дебитор қарзлари (152 400) | B99: 5104 | C99: 0 | D99: 0
A100: Бюджет ташкилотларининг ходимлар ва стипендия олувчилар билан дебитор қарзлари (153 000) | B100: 52 | C100: 98055 | D100: 126268
... A109: Бюджет ташкилотларининг дебитор қарзлари — жами (50+51+52+53+54 — қаторлар) | B109: 60 | C109: 92052032 | D109: 89416893
A110: Товар-моддий захиралар ва уларга харажатлар | B110: 000
A111: Хом ашё ва материаллар | B111: 000
A112: Озиқ-овқат маҳсулотлари (161 100) | B112: 70 | C112: 0 | D112: 0
A113: Жорий озиқ-овқат маҳсулотлари (161110) | B113: 7001 | C113: 0 | D113: 0
A114: Қиш-баҳор мавсумига ғамланадиган озиқ-овқат маҳсулотлари (161120) | B114: 7002 | C114: 0 | D114: 0
A115: Дори-дармонлар, тиббиётда фойдаланиладиган воситалар, вакциналар ва бактериологик препаратлар (161 200) | B115: 71 | C115: 0 | D115: 0
A116: Дори-дармонлар ва тиббиётда фойдаланиладиган воситалар (161210) | B116: 7101 | C116: 0 | D116: 0
A117: Вакциналар ва бактериологик препаратлар (161220) | B117: 7102 | C117: 0 | D117: 0
A118: Амбулатория шароитида даволанувчи имтиёзли беморлар контингентига рецепт асосида бепул берилувчи дори-дармонлар (161230) | B118: 7103 | C118: 0 | D118: 0
A119: Ижтимоий аҳамиятга эга бўлган дори воситалари ва тиббиёт буюмлари (161240) | B119: 7104 | C119: 0 | D119: 0
A120: Ёнилғи, ёқилғи-мойлаш материаллари (161 300) | B120: 72 | C120: 1246830 | D120: 768690
A121: Ёқилғи нефт маҳсулотлари (161310) | B121: 7201 | C121: 1246830 | D121: 768690
A122: Суюлтирилган газ (161320) | B122: 7202 | C122: 0 | D122: 0
A123: Кўмир (161330) | B123: 7203 | C123: 0 | D123: 0
... A146: I БЎЛИМ БЎЙИЧА ЖАМИ (30+40+60+90 — қаторлар) | B146: 100 | C146: 2.2096675e+09 | D146: 2.1329284e+09
A147: II БЎЛИМ. Узоқ муддатли активлар | B147: 000
A148: Узоқ муддатли депозитлар (211 000) | B148: 200 | C148: 0 | D148: 0
A149: Узоқ муддатли ички депозитлар (211100) | B149: 20001 | C149: 0 | D149: 0
A150: Узоқ муддатли ташқи депозитлар (211200) | B150: 20002 | C150: 0 | D150: 0
A151: Бюджет ташкилотлари томонидан ходимларга берилган ссудалар (216 000) | B151: 201 | C151: 0 | D151: 0
A152: Ички акция ва капитал | B152: 202 | C152: 0 | D152: 0
A153: Давлат мақсадли жамғармаларидан мақсадли ва бошқа бюджетдан ташқари жамғармаларга берилган узоқ муддатли ссудалар | B153: 203 | C153: 0 | D153: 0
A154: Узоқ муддатли активлар — жами (200+201+202+203 қаторлар) | B154: 205 | C154: 0 | D154: 0
A155: Асосий воситалар | B155: 000
A156: Асосий воситалар баланс қиймати | B156: 000
A157: Бино ва иншоотлар (221 100) | B157: 211 | C157: 2.6563154e+10 | D157: 2.9963238e+10
A158: Тураржой бинолари (221 110) | B158: 21101 | C158: 0 | D158: 0
A159: Нотураржой бинолари (221 120) | B159: 21102 | C159: 2.5446131e+10 | D159: 2.8703236e+10
A160: Бошқа иншоотлар (221 130) | B160: 21103 | C160: 1.1170226e+09 | D160: 1.2600015e+09
A161: Ерни ободонлаштириш (221 140) | B161: 21104 | C161: 0 | D161: 0
A162: Концессия бино ва иншоотлари (221 150) | B162: 21105 | C162: 0 | D162: 0
A163: Машина ва жиҳозлар (221 200) | B163: 212 | C163: 6.8107368e+09 | D163: 6.9395633e+09
A164: Транспорт воситалари (221210) | B164: 21201 | C164: 5.4394893e+08 | D164: 5.7712982e+08
A165: Концессия транспорт воситалари (221 211) | B165: 21202 | C165: 0 | D165: 0
A166: Машина ва жиҳозлар (транспорт воситаларидан ташқари) (221 220) | B166: 213 | C166: 6.2667879e+09 | D166: 6.3624335e+09
A167: Информацион, компьютер ва телекоммуникацион жиҳозлар (221 221) | B167: 21301 | C167: 3.1252434e+09 | D167: 3.1761747e+09
A168: Бошқа турдаги машина ва жиҳозлар (221 222) | B168: 21302 | C168: 3.1415445e+09 | D168: 3.1862588e+09
... A187: Асосий воситалар баланс қиймати — жами (211+212+214+218 — қаторлар) | B187: 210 | C187: 3.3482265e+10 | D187: 3.7022841e+10
A188: Асосий воситалар амортизацияси | B188: 000
A189: Бино ва иншоотлар амортизацияси (231 100) | B189: 221 | C189: 9.5599815e+09 | D189: 1.1954531e+10
A190: Тураржой бинолари амортизацияси (231 110) | B190: 22101 | C190: 0 | D190: 0
A191: Нотураржой бинолари амортизацияси (231 120) | B191: 22102 | C191: 8.8162306e+09 | D191: 1.102108e+10
A192: Бошқа иншоотлар амортизацияси (231 130) | B192: 22103 | C192: 7.4375089e+08 | D192: 9.3345112e+08
A193: Ерни ободонлаштириш амортизацияси (231 140) | B193: 22104 | C193: 0 | D193: 0
A194: Концессия бино ва иншоотлари амортизацияси (231 150) | B194: 22105 | C194: 0 | D194: 0
A195: Машина ва жиҳозлар амортизацияси (231 200) | B195: 222 | C195: 3.635792e+09 | D195: 4.9164856e+09
A196: Транспорт воситалари амортизацияси (231 210) | B196: 22201 | C196: 4.4126943e+08 | D196: 5.5475634e+08
A197: Концессия транспорт воситалари амортизацияси (231 211) | B197: 22202 | C197: 0 | D197: 0
A198: Машина ва жиҳозлар (транспорт воситаларидан ташқари) амортизацияси (231 220) | B198: 223 | C198: 3.1945226e+09 | D198: 4.3617293e+09
A199: Информацион, компьютер ва телекоммуникацион жиҳозлар амортизацияси (231221) | B199: 22301 | C199: 2.1154411e+09 | D199: 2.7983956e+09
A200: Бошқа турдаги машина ва жиҳозлар амортизацияси (231222) | B200: 22302 | C200: 1.0790815e+09 | D200: 1.5633336e+09
... A215: Асосий воситалар амортизацияси — жами (221+222+224 +228 — қаторлар) | B215: 220 | C215: 1.3249452e+10 | D215: 1.6936447e+10
A216: Асосий воситалар қолдиқ қиймати | B216: 000
A217: Бино ва иншоотлар (221 100-231 100) | B217: 231 | C217: 1.7003173e+10 | D217: 1.8008707e+10
...

Sheet 2-шакл
E1: Бюджет ташкилотлари ва бюджет маблағлари олувчиларнинг даврий молиявий ҳисоботларини тузиш, тасдиқлаш ҳамда тақдим қилиш бўйича қоидаларга 2-ИЛОВА
A2: Харажатлар сметасининг ижроси ҳақидаги ҲИСОБОТ
A3: 01.10.2026 ҳолатига
B5: Ташкилот : | E5: "O'ZBEKISTON RESPUBLIKASI MARKAZIY SAYLOV KOMISSIYASI" DM
B6: Бўлим 7016 кичик бўлим 105 боб 016
B7: Ҳисобот даври: | E7: 1 октабр
B8: Вазирлик:
B9: Бюджет тури :
B10: Ўлчов бирлиги: минг сўм
B11: ШҒҲ: | E11: 100010860262907016105016001
A13: Тоифа | B13: Модда ва кичик модда | C13: Элемент | D13: Харажатлар номи | E13: Қатор коди | F13: Тасдиқланган (аниқланган) режа | G13: Ҳисобот даври учун молиялаштирилган | H13: Касса харажати — жами | I13: Ҳақиқий харажатлар — жами
A14: А | D14: Б | E14: 1 | F14: 2 | G14: 3 | H14: 4 | I14: 5
A15: 00 | B15: 00 | C15: 000 | D15: ВСЕГО | E15: 00 | F15: 31143098500 | G15: 0 | H15: 2.3783756e+10 | I15: 2.3764758e+10
A16: 00 | B16: 00 | C16: 000 | D16: I-группа "Заработная плата и приравненные к ней платежи" | E16: 01 | F16: 17254270000 | G16: 0 | H16: 16427925002 | I16: 16427925002
A17: 41 | B17: 10 | C17: 000 | D17: Заработная плата | E17: 02 | F17: 17254270000 | G17: 0 | H17: 16300636103 | I17: 16300636103
A18: 41 | B18: 11 | C18: 000 | D18: Заработная плата в денежной форме | E18: 03 | F18: 17254270000 | G18: 0 | H18: 16300636103 | I18: 16300636103
A19: 41 | B19: 11 | C19: 100 | D19: Основная заработная плата | E19: 04 | F19: 14776945000 | G19: 0 | H19: 13961722502 | I19: 13961722502
A20: 41 | B20: 11 | C20: 200 | D20: Надбавки и доплаты к заработной плате | E20: 05 | F20: 2477325000 | G20: 0 | H20: 2338913601 | I20: 2338913601
A21: 41 | B21: 11 | C21: 230 | D21: Выплаты из фонда материального стимулирования работникам бюджетных организаций | E21: 06 | F21: 2446540000 | G21: 0 | H21: 2312188426 | I21: 2312188426
A22: 41 | B22: 11 | C22: 240 | D22: Доплаты работникам с учеными степенями | E22: 07 | F22: 30785000 | G22: 0 | H22: 26725175 | I22: 26725175
A23: 47 | B23: 11 | C23: 100 | D23: Пособия | E23: 08 | F23: 0 | G23: 0 | H23: 127288899 | I23: 127288899
A24: 47 | B24: 11 | C24: 120 | D24: Пособия по временной нетрудоспособности | E24: 09 | F24: 0 | G24: 0 | H24: 127288899 | I24: 127288899
A25: 00 | B25: 00 | C25: 000 | D25: II-группа "Начисления на заработную плату" | E25: 10 | F25: 4313572000 | G25: 0 | H25: 4075159028 | I25: 4075159028
A26: 41 | B26: 20 | C26: 000 | D26: Взносы / отчисления на социальные нужды | E26: 11 | F26: 4313572000 | G26: 0 | H26: 4075159028 | I26: 4075159028
... A74: 48 | B74: 21 | C74: 190 | D74: Прочие расходы | E74: 59 | F74: 13000000 | G74: 0 | H74: 4000000 | I74: 1560000
D78: Раҳбар _____________________ | E78: Бош ҳисобчи ________________ | H78: «______»________________ 20___йил
D79: М.Ў.

Sheet 2-РЖ
C1: Приложение 4 к Правилам составления, утверждения и представления периодических финансовых отчетов организациями, финансируемыми из Государственного бюджета Республики Узбекистан
A2: ОТЧЕТ о движении денежных средств по Фонду развития бюджетной организации
A3: по состоянию на 01.10.2026
A5: Организация: | B5: "O'ZBEKISTON RESPUBLIKASI MARKAZIY SAYLOV KOMISSIYASI" DAVLAT MUASSASASI
A6: Периодичность: | B6: 1 октября
A7: Уровень бюджета: | B7: Республиканский
A8: Единица измерения: | B8: тыс. сум
A9: Л/С: | B9: 400110860262907016105016001
A10: Показатели | F10: Сумма
A11: 1. Остаток денежных средств на начало года | F11: 32244599
A12: 2. Поступления доходов в отчетный период - всего | F12: 0
A13: 2.1 Поступило доходов (поступлений) за отчетный период | F13: =SUM(F15:F19) -> 0
A14: в том числе:
A15: а) от производства и реализации товаров (работ, услуг) | F15: 0
A16: б) от предоставления в аренду временно не используемых помещений и другого государственного имущества | F16: 0
A17: в) от спонсорской (безвозмездной) помощи бюджетным организациям, оказываемой юридическими и физическими лицами | F17: 0
A18: г) другие поступления | F18: 0
A19: д) от сэкономленных бюджетных средств в конце последнего рабочего дня отчетного квартала | F19: 0
A20: 2.2 Поступления за счет остатка прошлого года | F20: 32244599
A21: 3. Кассовые расходы, осушествленные в отчетном периоде - всего | F21: =F22+F23 -> 0
A22: 3.1 Кассовые расходы | F22: 0
A23: 3.2 Возврат остатка(9919, 9818) | F23: 0
A24: 4. Остаток денежных средств на конец отчетного периода | F24: 32244599
A25: 4.1 Остаток средств на транзитном счете на конец отчетного периода | F25: 0
A26: Расшифровка расходов
A27: Наименование расходов | B27: категория | C27: статья и подстатья | D27: элемент | E27: Кассовые расходы-всего | F27: Фактические расходы (по субсчету 741000)
A28: ЖАМИ | B28: X | C28: X | D28: X | E28: 0 | F28: 5460655
A29: IV гуруҳ "Бошқа харажатлар" | B29: X | C29: X | D29: X | E29: 0 | F29: 5460655
A30: БОШҚА ХАРАЖАТЛАР | B30: 48 | C30: X | D30: X | E30: 0 | F30: 5460655
A31: Бошқа турли харажатлар | B31: 48 | C31: 20 | D31: X | E31: 0 | F31: 5460655
A32: Жорий | B32: 48 | C32: 21 | D32: X | E32: 0 | F32: 5460655
A33: Бошқа турли харажатлар | B33: 48 | C33: 21 | D33: 100 | E33: 0 | F33: 5460655
A34: Бошқа харажатлар | B34: 48 | C34: 21 | D34: 190 | E34: 0 | F34: 5460655
A37: Руководитель _______________ | E37: Главный бухгалтер ____________________
A39: М.П | E39: ____ ______________ 20____ год

Sheet 2-БММЖ
E1: Приложение 7 к Правилам составления, утверждения и представления периодических финансовых отчетов организациями, финансируемыми из Государственного бюджета Республики Узбекистан
A3: ОТЧЕТ
E5: о движении прочих внебюджетных средств
E7: по состоянию на 01.10.2026
A9: Организация : | E9: "O'ZBEKISTON RESPUBLIKASI MARKAZIY SAYLOV KOMISSIYASI" DAVLAT MUASSASASI
A10: Периодичность: | E10: 1 октября
A11: Уровень бюджета | E11: 2026
A12: Единица измерения тыс. сум
A14: Наименования поступлений | G14: 1. Остаток средств на начало года | H14: 2. Поступления доходов (поступлений) в отчетный период - всего | I14: 2.1 Поступило доходов (поступлений) за отчетный период | J14: 2.2 Поступления за счет остатка прошлого года
A15: Поступления сумм дебиторской задолженности прошлых лет (4-004-10) | G15: 0 | H15: 0 | I15: 31943348 | J15: 0
A17: Р А С Ш И Ф Р О В К А Р А С Х О Д О В
A18: А. К А С С О В Ы Е Р А С Х О Д Ы
A20: Наименование расходов | B20: Категория | C20: Статья и подстатья | D20: Элемент | E20: по кодам классификация источников средств и уровней бюджетов
E21: 4004-10 | F21: 4004-10
A22: ВСЕГО | B22: 00 | C22: 00 | D22: 000 | E22: 31080378 | F22: 862970
A23: IV-группа "Другие расходы" | B23: 00 | C23: 00 | D23: 000 | E23: 31080378 | F23: 862970
A24: ДРУГИЕ РАСХОДЫ | B24: 48 | C24: 00 | D24: 000 | E24: 31080378 | F24: 862970
A25: Различные прочие расходы | B25: 48 | C25: 20 | D25: 000 | E25: 31080378 | F25: 862970
A26: Текущие | B26: 48 | C26: 21 | D26: 000 | E26: 31080378 | F26: 862970
A27: Различные прочие расходы | B27: 48 | C27: 21 | D27: 100 | E27: 31080378 | F27: 862970
A28: Прочие расходы | B28: 48 | C28: 21 | D28: 190 | E28: 31080378 | F28: 862970
A29: 3. Кассовые расходы, осушествленные в отчетном периоде - всего | B29: X | C29: X | D29: X | E29: =E30+E31 -> 31080378 | F29: =F30+F31 -> 862970
A30: 3.1 Кассовые расходы | B30: X | C30: X | D30: X | E30: 31080378 | F30: 862970
A31: 3.2 Возврат остатка(9919, 9818) | B31: X | C31: X | D31: X | E31: 0 | F31: 0
A32: 4. Остаток средств на конец отчетного периода | B32: X | C32: X | D32: X | E32: 0 | F32: 0
A33: 4.1 Остаток средств на транзитном счете на конец отчетного периода | B33: X | C33: X | D33: X | E33: 0 | F33: 0
A36: Б. Ф А К Т И Ч Е С К И Е Р А С Х О Д Ы
A38: Наименование расходов | B38: Категория | C38: Статья и подстатья | D38: Элемент | E38: по кодам классификация источников средств и уровней бюджетов
E39: 4004-10 | F39: 4004-10
A40: ВСЕГО | B40: 00 | C40: 00 | D40: 000 | E40: 0 | F40: 0
A41: IV-группа "Другие расходы" | B41: 00 | C41: 00 | D41: 000 | E41: 0 | F41: 0
A42: ДРУГИЕ РАСХОДЫ | B42: 48 | C42: 00 | D42: 000 | E42: 0 | F42: 0
A43: Различные прочие расходы | B43: 48 | C43: 20 | D43: 000 | E43: 0 | F43: 0
A44: Текущие | B44: 48 | C44: 21 | D44: 000 | E44: 0 | F44: 0
A45: Различные прочие расходы | B45: 48 | C45: 21 | D45: 100 | E45: 0 | F45: 0
A46: Прочие расходы | B46: 48 | C46: 21 | D46: 190 | E46: 0 | F46: 0
A49: Руководитель ___________ | B49: Главный бухгалтер _______________
A52: М. П. | B52: «___» ________________20__ год

Sheet ДтКТ маълумот
E1: ПРИЛОЖЕНИЕ 3 к Правилам составления, утверждения и представления периодических финансовых отчетов организациями, финансируемыми из Государственного бюджета Республики Узбекистан
C2: СПРАВКА о дебиторской и кредиторской задолженностях
C3: по состоянию на 01.10.2026
A5: Организация: | C5: "O'ZBEKISTON RESPUBLIKASI MARKAZIY SAYLOV KOMISSIYASI" DAVLAT MUASSASASI
A6: Глава: | C6: 016
A7: Отчетный период: | C7: 1 октября
A8: Уровень бюджета: | C8: Республиканский
A9: Единица измерения: | C9: cум
A11: № п/п | B11: Статья расходов | C11: Наименование расходов | D11: Всего задолженность | E11: Из них | H11: Из них просроченная задолженность - всего | I11: в том числе | L11: Из них за пределами республики | M11: Примечание
E12: за счет бюджета | F12: за счет внебюджетных средств | G12: Фонд | I12: за счет бюджета | J12: за счет внебюджетных средств | K12: Фонд
A13: A | B13: 1 | C13: 2 | D13: 3 | E13: 4 | F13: 5 | G13: 6 | H13: 7 | I13: 8 | J13: 9 | K13: 10 | L13: 11 | M13: 12
A14: ДЕБИТОРСКАЯ ЗАДОЛЖЕННОСТЬ:
A15: 1 | B15: X | C15: IV-группа "Другие расходы" | D15: 89416893 | E15: 89223024 | F15: 193868.63 | G15: 0 | H15: 0 | I15: 0 | J15: 0 | K15: 0 | L15: 0
A16: 2 | B16: 4200000 | C16: РАСХОДЫ ПО ТОВАРАМ И УСЛУГАМ | D16: 87126879 | E16: 87126879 | F16: 0 | G16: 0 | H16: 0 | I16: 0 | J16: 0 | K16: 0 | L16: 0
A17: 3 | B17: 4210000 | C17: Командировочные расходы | D17: 126268 | E17: 126268 | F17: 0 | G17: 0 | H17: 0 | I17: 0 | J17: 0 | K17: 0 | L17: 0
A18: 4 | B18: 4211000 | C18: В пределах республики | D18: 126268 | E18: 126268 | F18: 0 | G18: 0 | H18: 0 | I18: 0 | J18: 0 | K18: 0 | L18: 0
A19: 5 | B19: 4220000 | C19: Коммунальные услуги | D19: 56996142 | E19: 56996142 | F19: 0 | G19: 0 | H19: 0 | I19: 0 | J19: 0 | K19: 0 | L19: 0
A20: 6 | B20: 4221000 | C20: Электроэнергия | D20: 27941227 | E20: 27941227 | F20: 0 | G20: 0 | H20: 0 | I20: 0 | J20: 0 | K20: 0 | L20: 0
A21: 7 | B21: 4223000 | C21: Горячая вода и тепловая энергия | D21: 23260859 | E21: 23260859 | F21: 0 | G21: 0 | H21: 0 | I21: 0 | J21: 0 | K21: 0 | L21: 0
A22: 8 | B22: 4224000 | C22: Холодная вода и канализация | D22: 5400169.5 | E22: 5400169.5 | F22: 0 | G22: 0 | H22: 0 | I22: 0 | J22: 0 | K22: 0 | L22: 0
A23: 9 | B23: 4225000 | C23: Услуги по уборке и вывоза мусору, а так же приобретение энергетических и других ресурсов (кроме бензина и других ГСМ) | D23: 393885.83 | E23: 393885.83 | F23: 0 | G23: 0 | H23: 0 | I23: 0 | J23: 0 | K23: 0 | L23: 0
A24: 10 | B24: 4250000 | C24: Расходы запасов материальных оборотных средств | D24: 15745650 | E24: 15745650 | F24: 0 | G24: 0 | H24: 0 | I24: 0 | J24: 0 | K24: 0 | L24: 0
A25: 11 | B25: 4252000 | C25: Прочие материальные оборотные средства | D25: 15745650 | E25: 15745650 | F25: 0 | G25: 0 | H25: 0 | I25: 0 | J25: 0 | K25: 0 | L25: 0
A26: 12 | B26: 4252500 | C26: Топливо и ГСМ | D26: 15745650 | E26: 15745650 | F26: 0 | G26: 0 | H26: 0 | I26: 0 | J26: 0 | K26: 0 | L26: 0
... A40: 26 | B40: X | C40: Всего: | D40: 89416893 | E40: 89223024 | F40: 193868.63 | G40: 0 | H40: 0 | I40: 0 | J40: 0 | K40: 0 | L40: 0
A42: № п/п | B42: Статья расходов | C42: Наименование расходов | D42: Всего задолженность | E42: Из них | H42: Из них просроченная задолженность - всего | I42: в том числе | L42: Из них за пределами республики | M42: Примечание
E43: за счет бюджета | F43: за счет внебюджетных средств | G43: Фонд | I43: за счет бюджета | J43: за счет внебюджетных средств | K43: Фонд
A44: A | B44: 1 | C44: 2 | D44: 3 | E44: 4 | F44: 5 | G44: 6 | H44: 7 | I44: 8 | J44: 9 | K44: 10 | L44: 11 | M44: 12
A45: КРЕДИТОРСКАЯ ЗАДОЛЖЕННОСТЬ:
A46: 1 | B46: X | C46: IV-группа "Другие расходы" | D46: 8561430.7 | E46: 8561430.7 | F46: 0 | G46: 0 | H46: 0 | I46: 0 | J46: 0 | K46: 0 | L46: 0
A47: 2 | B47: 4200000 | C47: РАСХОДЫ ПО ТОВАРАМ И УСЛУГАМ | D47: 8561430.7 | E47: 8561430.7 | F47: 0 | G47: 0 | H47: 0 | I47: 0 | J47: 0 | K47: 0 | L47: 0
A48: 3 | B48: 4220000 | C48: Коммунальные услуги | D48: 403528 | E48: 403528 | F48: 0 | G48: 0 | H48: 0 | I48: 0 | J48: 0 | K48: 0 | L48: 0
A49: 4 | B49: 4221000 | C49: Электроэнергия | D49: 403528 | E49: 403528 | F49: 0 | G49: 0 | H49: 0 | I49: 0 | J49: 0 | K49: 0 | L49: 0
A50: 5 | B50: 4230000 | C50: Содержание и текущий ремонт | D50: 3866000 | E50: 3866000 | F50: 0 | G50: 0 | H50: 0 | I50: 0 | J50: 0 | K50: 0 | L50: 0
A51: 6 | B51: 4234000 | C51: Машины, оборудования и техника | D51: 3866000 | E51: 3866000 | F51: 0 | G51: 0 | H51: 0 | I51: 0 | J51: 0 | K51: 0 | L51: 0
A52: 7 | B52: 4234900 | C52: Прочие машины, оборудования, техника и передаточные устройства | D52: 3866000 | E52: 3866000 | F52: 0 | G52: 0 | H52: 0 | I52: 0 | J52: 0 | K52: 0 | L52: 0
A53: 8 | B53: 4234940 | C53: Axborot tizimi va resurslarini texnik qo`llab-quvvatlash va modernizatsiyalash | D53: 3866000 | E53: 3866000 | F53: 0 | G53: 0 | H53: 0 | I53: 0 | J53: 0 | K53: 0 | L53: 0
A54: 9 | B54: 4290000 | C54: Другие расходы на приобретение товаров и услуг | D54: 4291902.7 | E54: 4291902.7 | F54: 0 | G54: 0 | H54: 0 | I54: 0 | J54: 0 | K54: 0 | L54: 0
A55: 10 | B55: 4292000 | C55: Телефонные, телекоммуникационные и информационные услуги | D55: 2880702.7 | E55: 2880702.7 | F55: 0 | G55: 0 | H55: 0 | I55: 0 | J55: 0 | K55: 0 | L55: 0
A56: 11 | B56: 4292100 | C56: Телефонные, телеграфные и почтовые услуги | D56: 2880702.7 | E56: 2880702.7 | F56: 0 | G56: 0 | H56: 0 | I56: 0 | J56: 0 | K56: 0 | L56: 0
A57: 12 | B57: 4299000 | C57: Прочие расходы на приобретение товаров и услуг | D57: 1411200 | E57: 1411200 | F57: 0 | G57: 0 | H57: 0 | I57: 0 | J57: 0 | K57: 0 | L57: 0
... A60: 15 | B60: X | C60: Всего: | D60: 8561430.7 | E60: 8561430.7 | F60: 0 | G60: 0 | H60: 0 | I60: 0 | J60: 0 | K60: 0 | L60: 0
B64: Руководитель _____________________ | E64: Главный бухгалтер ____________________
B66: М.П. | D66: ________________ _____________________ 20_____г.

Sheet ГТК
A5: 20____ йилда Тадбиркорлик субъектларига берилган божхона имтиёзлар тўғрисида МАЪЛУМОТ
A7: № | B7: Тадбиркорлик субъекти номи | C7: СТИР | D7: Жами имтиёз берилган сумма
A8: 1
A9: =+A8+1 -> 2
A10: =+A9+1 -> 3
A11: =+A10+1 -> 4
A12: =+A11+1 -> 5
A13: =+A12+1 -> 6
A14: =+A13+1 -> 7
A15: =+A14+1 -> 8
A16: =+A15+1 -> 9
A17: =+A16+1 -> 10
